 Dungeon Crawl Stone Soup version 0.24-a0-434-gd57e52fea8 (webtiles) character file.

Game seed: 5816213225615409431

1880819 tilp the Slayer (level 27, 90/245 HPs)
             Began as a Demonspawn Chaos Knight on June 16, 2019.
             Was a Favourite Plaything of Xom.
             Escaped with the Orb
             ... and 3 runes!
             The game lasted 04:09:41 (57832 turns).

tilp the Slayer (Demonspawn Chaos Knight)          Turns: 57832, Time: 04:09:42

Health: 90/245     AC: 43    Str: 38    XL:     27
Magic:  23/39      EV: 23    Int: 19    God:    Xom [..*...]
Gold:   2149       SH:  0    Dex: 17    Spells: 26/26 levels left

rFire    + + .     SeeInvis +   a - +6 dire flail of Feus {chaos, rElec MP+9 Str+4}
rCold    + + .     Gourm    .   (shield currently unavailable)
rNeg     . . .     Faith    .   i - +9 ice dragon scales "Ithoulou" {rF- rC++ MR+ Str+3 Stlth-}
rPois    +         Spirit   +   (helmet restricted)
rElec    +         Reflect  .   U - +2 cloak {MR+}
rCorr    .         Harm     .   (no gloves)
MR       +++++                  (boots unavailable)
Stlth    ..........             z - amulet of the acrobat
HPRegen  0.90/turn              k - ring of Robustness {AC+8}
MPRegen  0.52/turn              j - ring of Buithe {rElec rPois Str+7 Int+4 Stlth-}

@: hasted, drained, very quick
A: claws 2, horns 1, talons 3, slimy green scales 3, see invisible, agile 1,
demonic guardian 3, fire resistance 3, hurl damnation, magic resistance 1,
mutation resistance 2, regeneration 1, strong 1, magic shield, magic
regeneration, magic link, flame cloud immunity, MP-powered wands
0: Orb of Zot
}: 3/15 runes: decaying, serpentine, silver
a: Hurl Damnation, Renounce Religion


You escaped.
You worshipped Xom.
You were a toy of Xom.
You were not hungry.

You visited 9 branches of the dungeon, and saw 49 of its levels.
You visited the Abyss 2 times.
You also visited: Sewer, Bailey, Gauntlet and Ice Cave.

You collected 10675 gold pieces.
You spent 8526 gold pieces at shops.

Inventory:

Hand Weapons
 a - the +6 dire flail of Feus (weapon) {chaos, rElec MP+9 Str+4}
   (Xom gifted it to you on level 3 of the Vaults)

   Each time it hits an enemy it has a different, random effect.
   It affects your strength (+4).
   It insulates you from electricity.
   It affects your magic capacity (+9).
 f - a +9 great mace of flaming
Missiles
 b - 32 curare-tipped darts
 p - 159 poisoned darts (quivered)
 I - 4 throwing nets
 Q - 25 atropa-tipped darts
Armour
 i - the +9 ice dragon scales "Ithoulou" (worn) {rF- rC++ MR+ Str+3 Stlth-}
   (You found it in an ice cave)

   It affects your strength (+3).
   It makes you vulnerable to fire.
   It greatly protects you from cold.
   It affects your resistance to hostile enchantments.
   It makes you less stealthy.
 D - a +2 pair of gloves of strength
 U - a +2 cloak of magic resistance (worn)
Jewellery
 j - the ring of Buithe (right claw) {rElec rPois Str+7 Int+4 Stlth-}
   (You bought it in a shop on level 1 of the Snake Pit)

   [ring of poison resistance]

   It affects your strength (+7).
   It affects your intelligence (+4).
   It insulates you from electricity.
   It protects you from poison.
   It makes you less stealthy.
 k - the ring of Robustness (left claw) {AC+8}
   (You found it on level 1 of the Depths)

   [ring of protection]

   It affects your AC (+8).
 z - an amulet of the acrobat (around neck)
 L - a +5 ring of strength {unknown}
Wands
 r - a wand of acid (32)
 y - a wand of iceblast (20)
 E - a wand of scattershot (4)
 P - a wand of paralysis (73)
 S - a wand of digging (15)
 V - a wand of clouds (6)
Scrolls
 d - a scroll of blinking
 h - 10 scrolls of enchant armour
 l - 6 scrolls of fear
 o - 24 scrolls of remove curse
 u - 18 scrolls of identify
 w - 23 scrolls of teleportation
 x - 6 scrolls of fog
 H - a scroll of summoning
 M - 17 scrolls of enchant weapon
 N - a scroll of silence
Potions
 m - 3 potions of berserk rage
 s - 15 potions of curing
 t - 5 potions of flight
 A - 4 potions of cancellation
 C - 5 potions of magic
 F - 6 potions of might
 G - 7 potions of resistance
 R - 13 potions of mutation
 W - 3 potions of invisibility
 Y - 2 potions of agility
Miscellaneous
 e - a phantom mirror
 g - a phial of floods
 q - 4 sacks of spiders
 v - a lightning rod (4/4)
 O - a lamp of fire
 X - a lightning rod (4/4)
 Z - a fan of gales
Comestibles
 c - 86 rations


   Skills:
 - Level 26.0(24.1) Fighting
 - Level 20.0(18.3) Maces & Flails
 + Level 25.0(23.2) Armour
 - Level 18.0(16.4) Dodging
   Level 4.0(2.8) Shields
 - Level 10.0(8.6) Evocations


You had 26 spell levels left.
You didn't know any spells.
Your spell library contained the following spells:

 Spells                   Type           Power        Failure   Level  Hunger
 Apportation              Tloc           #.....       28%         1    ##.....
 Confusing Touch          Hex            #.....       28%         1    ##.....
 Flame Tongue             Conj/Fire      #....        28%         1    ##.....
 Infusion                 Chrm           #...         28%         1    ##.....
 Magic Dart               Conj           #...         28%         1    ##.....
 Sandblast                Erth           #.....       28%         1    ##.....
 Summon Butterflies       Summ           #.......     28%         1    ##.....
 Blink                    Tloc           N/A          41%         2    ###....
 Call Imp                 Summ           #.......     41%         2    ###....
 Corpse Rot               Necr           N/A          41%         2    ###....
 Ensorcelled Hibernation  Hex/Ice        #.....       41%         2    ###....
 Passwall                 Tmut/Erth      #.......     41%         2    ###....
 Poisonous Vapours        Pois/Air       #.....       41%         2    ###....
 Searing Ray              Conj           #.....       41%         2    ###....
 Shroud of Golubria       Chrm/Tloc      #.....       41%         2    ###....
 Song of Slaying          Chrm           #.......     41%         2    ###....
 Sticks to Snakes         Tmut           #.......     41%         2    ###....
 Sublimation of Blood     Necr           #.........   41%         2    ###....
 Swiftness                Chrm/Air       #.......     41%         2    ###....
 Throw Flame              Conj/Fire      #.....       41%         2    ###....
 Confuse                  Hex            #.......     65%         3    ####...
 Conjure Flame            Conj/Fire      #.......     65%         3    ####...
 Dazzling Spray           Conj/Hex       #.....       65%         3    ####...
 Gell's Gravitas          Tloc           #.........   65%         3    ####...
 Inner Flame              Hex/Fire       #.......     65%         3    ####...
 Lesser Beckoning         Tloc           #.........   65%         3    ####...
 Recall                   Summ/Tloc      N/A          65%         3    ####...
 Regeneration             Chrm/Necr      #.........   65%         3    ####...
 Spectral Weapon          Hex/Chrm       #.......     65%         3    ####...
 Stone Arrow              Conj/Erth      #.....       65%         3    ####...
 Summon Guardian Golem    Hex/Summ       #.......     65%         3    ####...
 Teleport Other           Tloc           #.......     65%         3    ####...
 Tukima's Dance           Hex            #.......     65%         3    ####...
 Animate Dead             Necr           N/A          96%         4    #####..
 Cause Fear               Hex            #.........   96%         4    #####..
 Force Lance              Conj/Tloc      #.......     96%         4    #####..
 Fulminant Prism          Conj/Hex       #.........   96%         4    #####..
 Ice Form                 Ice/Tmut       #.......     96%         4    #####..
 Iskenderun's Mystic Bla  Conj           #.......     96%         4    #####..
 Leda's Liquefaction      Hex/Erth       #.........   96%         4    #####..
 Petrify                  Tmut/Erth      #.......     96%         4    #####..
 Sticky Flame             Conj/Fire      #.......     96%         4    #####..
 Summon Lightning Spire   Summ/Air       #.......     96%         4    #####..
 Agony                    Necr           #.......     100%        5    ######.
 Alistair's Intoxication  Tmut/Pois      #.......     100%        5    ######.
 Bolt of Draining         Conj/Necr      #.........   100%        5    ######.
 Bolt of Magma            Conj/Fire/Erth #.........   100%        5    ######.
 Borgnjor's Vile Clutch   Necr/Erth      #.........   100%        5    ######.
 Dispel Undead            Necr           #.......     100%        5    ######.
 Excruciating Wounds      Chrm/Necr      #.........   100%        5    ######.
 Fireball                 Conj/Fire      #.........   100%        5    ######.
 Irradiate                Conj/Tmut      #.........   100%        5    ######.
 Lee's Rapid Deconstruct  Erth           #.........   100%        5    ######.
 Metabolic Englaciation   Hex/Ice        #.........   100%        5    ######.
 Silence                  Hex/Air        #.........   100%        5    ######.
 Yara's Violent Unravell  Hex/Tmut       #.........   100%        5    ######.
 Bolt of Cold             Conj/Ice       #.........   100%        6    #######
 Bolt of Fire             Conj/Fire      #.........   100%        6    #######
 Conjure Ball Lightning   Conj/Air       #.........   100%        6    #######
 Darkness                 Hex            #.........   100%        6    #######
 Death Channel            Necr           #.........   100%        6    #######
 Deflect Missiles         Chrm/Air       #.........   100%        6    #######
 Freezing Cloud           Conj/Ice/Air   #.........   100%        6    #######
 Invisibility             Hex            #.......     100%        6    #######
 Iron Shot                Conj/Erth      #.........   100%        6    #######
 Ozocubu's Refrigeration  Ice            #.........   100%        6    #######
 Shadow Creatures         Summ           N/A          100%        6    #######
 Simulacrum               Ice/Necr       #.........   100%        6    #######
 Statue Form              Tmut/Erth      #........    100%        6    #######
 Haunt                    Necr/Summ      #.........   100%        7    #######
 Summon Hydra             Summ           #.........   100%        7    #######
 Borgnjor's Revivificati  Necr           #.........   100%        8    #######
 Death's Door             Chrm/Necr      #.........   100%        8    #######
 Discord                  Hex            #.........   100%        8    #######
 Infestation              Necr           #.........   100%        8    #######
 Necromutation            Tmut/Necr      #.........   100%        8    #######
 Shatter                  Erth           #.........   100%        9    #######
 Tornado                  Air            #.........   100%        9    #######
 Passage of Golubria      Tloc           Unusable     N/A         4    N/A

Dungeon Overview and Level Annotations

Branches:
Dungeon (15/15)            Temple (0/1) D:5            Lair (6/6) D:11
  Swamp (4/4) Lair:2        Snake (4/4) Lair:2        Slime (0/5) Lair:6
    Orc (2/2) D:10            Elf (3/3) Orc:2        Vaults (5/5) D:14
  Crypt (0/3) Vaults:2     Depths (5/5) D:15            Zot (5/5)

Altars:
Ashenzari
Cheibriados
Dithmenos
Elyvilon
Fedhas
Gozag
Hepliaklqana
Kikubaaqudgha
Nemelex Xobeh
Qazlal
Sif Muna
Trog
Uskayaw
Vehumet
Wu Jian
Xom
Yredelemnul
Zin
Beogh

Shops:
D:9 [   D:11 [   D:12 :   D:14 [*   Orc:2 [!?}   Snake:1 }=}!   Vaults:2 *
Vaults:3 (   Vaults:4 [   Vaults:5 (   Depths:3 ?!(!?

Portals:
Hell: Depths:1 Depths:2 Depths:3 Depths:4 Depths:5
Abyss: Depths:1 Depths:2 Depths:3 Depths:4 Depths:5
Pandemonium: Depths:2 Depths:3
Ziggurat: Depths:2

Annotations:
Vaults:2 3 runed translucent doors, exclusion: obsidian statue, Tovvajec's ghost, adept HOBe


Innate Abilities, Weirdness & Mutations

You have claws for feet.
You are completely covered in slimy green scales. (AC +4, rPois)
A powerful demonic guardian rushes to your aid.
Your flesh is almost immune to the effects of heat. (rF+++)
You can hurl damnation.
When hurt, damage is shared between your health and your magic reserves.
You regenerate magic rapidly.
When low on magic, you restore magic in place of health.
You are immune to clouds of flame.
You have very sharp fingernails.
You have a pair of small horns on your head.
You have supernaturally acute eyesight. (SInv)
You are agile. (Dex +2)
You are resistant to hostile enchantments. (MR+)
You are somewhat resistant to both further mutation and mutation removal.
Your natural rate of healing is unusually fast.
Your muscles are strong. (Str +2)
You expend magic power (3 MP) to strengthen your wands.


Message History

Your body is wracked with pain!
Kekyh hits your lorocyproca!!! Kekyh freezes your lorocyproca.
Kekyh hits your lorocyproca! Kekyh freezes your lorocyproca.
The Brimstone Fiend calls on the powers of darkness!
Your body is wracked with pain! "You need some minor improvements, mortal!"
Your body is suffused with distortional energy.
Your thinking seems confused.
You are now a toy of Xom.
Something completely misses your lorocyproca.
Xom's attention almost turns to you for a moment.
The world appears momentarily distorted.
Kekyh gestures.
Your lorocyproca barely misses Kekyh.
Kekyh barely misses your lorocyproca.
Okay, then.
Something hits your lorocyproca! Something freezes your lorocyproca.
Unknown command.
Kekyh gestures.
There is a staircase leading out of the dungeon here.
You have escaped!

.# #####...........#
.##################.#
###.........####....#
...............##.###
.....⌠...⌠......#...#
..⌠.........⌠...###.######
.......≈.........#.......#
.⌠...........⌠...#..####.#
2...≈.....≈.&...@#..# #.#
.⌠........2..⌠...#..# #.#
.......≈.........#..####.#
..⌠.........⌠...##....##.#
.....⌠...⌠......###.#.##.#
...............##
#...##.###
###.........####
######...# #
################ #.### #
#.......#......# #####.#


You could see Kekyh and a reaper.

Vanquished Creatures
  6 orbs of fire
  4 ancient liches
  3 Killer Klowns (Zot:5)
  the Lernaean hydra (Swamp:4)
  A caustic shrike (Depths:1)
  7 golden dragons
  3 curse toes
  Nikola (Depths:3)
  A doom hound (Zot:1)
  A Tzitzimitl (Depths:5)
  2 bone dragons
  2 liches
  3 electric golems
  20 Orb Guardians
  Jorgrun (D:14)
  19 tentacled monstrosities
  Rupert (D:15)
  8 quicksilver dragons
  2 deep elf blademasters
  3 deep elf master archers (Elf:3)
  2 titans (Vaults:5)
  An Executioner (D:10)
  10 death cobs
  7 sphinxes
  6 tengu reavers
  2 tentacled starspawn (Abyss:3)
  5 shadow dragons
  A thorn hunter (Swamp:2)
  13 storm dragons
  12 fire giants
  5 draconian monks
  5 nagarajas (Snake:4)
  9 frost giants
  An iron dragon (Depths:1)
  18 vault wardens
  3 draconian knights
  7 draconian scorchers
  Louise (D:15)
  3 ghost moths
  6 deep elf sorcerers
  Aizul (Vaults:1)
  2 draconian shifters (Zot:2)
  9 draconian stormcallers
  6 deep elf elementalists
  13 ironheart preservers
  7 draconian annihilators
  3 war gargoyles
  17 stone giants
  6 deep elf demonologists
  A spriggan defender (Depths:3)
  29 very ugly things
  A juggernaut skeleton (Depths:1)
  2 vampire knights
  11 green draconians
  Nessos (D:14)
  A large abomination (Elf:3)
  7 spark wasps
  12 purple draconians
  11 black draconians
  10 deep elf annihilators
  9 white draconians
  A minotaur (Gauntlet)
  12 red draconians
  Azrael (D:14)
  10 yellow draconians
  14 ettins
  The ghost of KristoblXynda the Carver, a journeyman DrGl of Ashenzari (Lair:4)
  6 deep elf death magi (Elf:3)
  10 fire dragons
  A blizzard demon (Depths:2)
  A merfolk impaler (Depths:3)
  5 ice dragons
  9 yaktaur captains
  13 naga warriors
  9 great orbs of eyes
  Josephine (D:14)
  26 vault guards
  10 deep elf high priests
  9 rakshasas
  17 hydras
  2 shambling mangroves
  2 death knights
  An alligator (shapeshifter) (Vaults:5)
  A catoblepas (Depths:4)
  A hell beast (D:14)
  A ghost crab (Swamp:2)
  8 anacondas
  2 spriggan air magi
  5 centaur warriors
  62 two-headed ogres
  25 dancing weapons
  4 deep troll earth magi
  17 ogre magi
  8 alligators
  8 deep troll shamans
  9 tengu warriors
  A death yak (Zot:3)
  2 spriggan berserkers
  2 vampire magi
  9 shock serpents
  2 orc high priests (Orc:2)
  A soul eater (D:12)
  13 deep elf knights
  8 naga sharpshooters
  A titan skeleton (Abyss:3)
  2 fire crabs (shapeshifter) (Depths:3)
  8 hell knights
  8 skeletal warriors (Depths:4)
  10 iron trolls
  3 salamander mystics
  A shadow wraith (Vaults:4)
  4 spriggan druids
  A flayed ghost (Depths:3)
  8 naga ritualists
  8 wizards
  7 swamp dragons
  3 unseen horrors
  21 deep elf archers
  An unseen horror (shapeshifter) (Depths:3)
  An orange crystal statue (Depths:4)
  5 glowing orange brains
  13 deep trolls
  12 orc knights
  17 ironbrand convokers
  9 necromancers
  6 harpies
  4 phantasmal warriors
  9 orc sorcerers
  A shining eye (Vaults:5)
  2 golden dragon skeletons (Depths:4)
  7 wolf spiders
  11 mana vipers
  A shadow dragon skeleton (Vaults:4)
  A glowing shapeshifter (Elf:3)
  2 fauns (shapeshifter)
  70 deep elf magi
  53 ugly things
  2 oklob plants
  5 cyclopes
  12 salamanders
  2 manticores
  2 elephants (Lair:3)
  32 moths of wrath
  A salamander (shapeshifter) (Vaults:4)
  An ice statue (IceCv)
  6 guardian serpents
  46 black mambas
  A black mamba (shapeshifter) (Elf:2)
  A smoke demon (Depths:3)
  7 naga magi
  A titan simulacrum (Depths:1)
  A minotaur zombie (Gauntlet)
  15 vault sentinels
  A gargoyle (D:12)
  20 spiny frogs
  A spriggan skeleton (Depths:4)
  A rime drake (shapeshifter) (Lair:6)
  A rime drake (Lair:5)
  54 yaktaurs
  4 kobold demonologists
  A human zombie (Vaults:4)
  2 efreet
  3 komodo dragons
  A tormentor (Zot:1)
  7 freezing wraiths
  3 yaktaurs (shapeshifter)
  4 hellwings (Depths:4)
  An ancient zyme (Abyss:3)
  2 queen bees (shapeshifter)
  10 trolls
  A red devil (Zot:4)
  A yaktaur skeleton (Vaults:4)
  6 tengu conjurers
  17 hornets
  10 tyrant leeches
  A wind drake (Vaults:4)
  35 slime creatures
  12 bog bodies
  A stone giant simulacrum (Vaults:3)
  13 blink frogs
  3 hippogriffs
  12 water elementals
  A deep troll zombie (Depths:1)
  7 flying skulls (Gauntlet)
  A spriggan (shapeshifter) (Vaults:4)
  Sigmund (D:6)
  3 shadows
  4 air elementals
  8 spriggans
  A wyvern (D:12)
  A ynoxinul (Depths:5)
  A yak (shapeshifter) (D:15)
  16 yaks
  7 wraiths
  Eustachio (D:5)
  16 humans (D:14)
  3 fire bats (D:11)
  A basilisk (D:5)
  A neqoxec (Abyss:3)
  6 golden eyes
  7 fire elementals
  A golden eye (shapeshifter) (Vaults:1)
  2 hungry ghosts
  A yaktaur simulacrum (Vaults:2)
  2 spatial vortices
  20 vampire mosquitoes
  9 wargs
  A warg (shapeshifter) (Depths:2)
  A soldier ant (D:14)
  20 swamp worms
  46 nagas
  4 insubstantial wisps (Swamp:3)
  A swamp worm (shapeshifter) (Depths:3)
  An acid dragon (D:11)
  14 water moccasins
  8 porcupines
  A hydra simulacrum (Lair:2)
  A porcupine (shapeshifter) (Depths:3)
  A deep troll skeleton (Vaults:4)
  5 hell hounds
  12 swamp drakes
  7 ice beasts
  3 sky beasts
  45 orc warriors
  A black bear (shapeshifter) (Gauntlet)
  An eye of draining (shapeshifter) (D:10)
  An eye of draining (D:13)
  A hornet zombie (D:14)
  3 phantoms
  A necrophage (D:12)
  11 wolves
  A black bear (D:11)
  47 ogres
  5 boggarts
  10 centaurs
  7 crocodiles
  A small abomination (Abyss:3)
  3 big kobolds
  28 bullfrogs
  7 earth elementals
  A wyvern zombie (D:13)
  2 wyvern skeletons
  4 scorpions
  7 killer bees
  A blink frog simulacrum (Lair:2)
  3 wights (D:8)
  An electric eel (Lair:6)
  3 lava snakes
  8 crimson imps
  2 howler monkeys
  3 centaur zombies
  2 komodo dragon simulacra (Lair:2)
  2 quasits
  3 bullfrog zombies
  6 jellies
  18 orc priests
  10 hounds
  A jelly (shapeshifter) (Vaults:4)
  4 centaur skeletons
  An iron imp (Depths:3)
  29 orc wizards
  5 bullfrog skeletons
  5 iguanas
  6 hell rats (Lair:6)
  11 worker ants
  A hound skeleton (D:9)
  A worker ant zombie (D:11)
  Robin (D:4)
  6 gnolls
  2 river rats (Sewer)
  10 adders
  3 crocodile simulacra (Lair:2)
  3 shadow imps
  6 white imps (Lair:5)
  An adder skeleton (D:7)
  2 adder zombies
  4 worms
  3 dart slugs (D:1)
  7 leopard geckos
  126 orcs
  2 bats (D:3)
  A bat zombie (D:5)
  7 giant cockroaches
  18 goblins
  8 hobgoblins
  3 jackals
  8 quokkas
  A ball python (D:2)
  13 frilled lizards
  27 kobolds
  A leopard gecko skeleton (D:5)
  A leopard gecko zombie (D:7)
  A quokka skeleton (D:4)
  13 rats
  2 rat zombies (D:5)
  3 briar patches (Swamp:2)
  2 crawling corpses (Vaults:5)
  A fire vortex (Vaults:3)
  A fungus (Lair:6)
  A plant (Lair:4)
  A starspawn tentacle (Abyss:3)
2237 creatures vanquished.

Vanquished Creatures (collateral kills)
  An ancient lich (Vaults:5)
  A Killer Klown (Zot:5)
  An electric golem (Zot:5)
  3 Orb Guardians (Zot:5)
  2 tentacled monstrosities
  A titan (Vaults:5)
  A quicksilver dragon (Zot:1)
  2 death cobs
  A sphinx (Depths:2)
  3 storm dragons
  2 shadow dragons
  2 fire giants
  2 frost giants
  2 draconian scorchers (Zot:2)
  2 vault wardens
  5 draconian shifters
  A reaper (Zot:1)
  3 very ugly things
  A draconian annihilator (Depths:5)
  3 ironheart preservers
  A stone giant (Depths:5)
  A green draconian (Zot:3)
  2 black draconians (Zot:3)
  A white draconian (Zot:4)
  A deep elf annihilator (Elf:3)
  A red draconian (Zot:2)
  3 deep elf demonologists
  4 purple draconians
  A yellow draconian (Zot:2)
  The ghost of PeterLawrence the Severer, a journeyman MiFi of Okawaru (Lair:2)
  An ettin (Depths:5)
  A yaktaur captain (Vaults:5)
  3 ogre magi
  A great orb of eyes (Depths:3)
  A rakshasa (Depths:1)
  2 naga warriors
  5 vault guards
  4 hydras
  An anaconda (Snake:1)
  2 ice dragons
  A death knight (D:14)
  2 alligators
  A tengu warrior (D:13)
  4 two-headed ogres
  2 death yaks (Lair:3)
  4 naga sharpshooters
  An orc high priest (Orc:2)
  2 deep elf knights
  A skeletal warrior (Depths:4)
  2 salamander mystics
  A hell knight (Depths:2)
  A flayed ghost (Vaults:3)
  A deep troll (Vaults:4)
  2 swamp dragons (Swamp:4)
  A deep elf archer (Elf:3)
  3 ironbrand convokers
  5 ugly things
  4 orc knights
  2 orc sorcerers (Orc:2)
  A harpy (Vaults:1)
  2 mana vipers
  5 deep elf magi
  A wolf spider (shapeshifter) (Zot:2)
  3 salamanders (Snake:1)
  A cyclops (Vaults:1)
  3 elephants (Lair:3)
  5 black mambas
  2 moths of wrath
  4 guardian serpents
  An eye of devastation (shapeshifter) (Lair:2)
  2 ice statues (IceCv)
  A centaur zombie (D:12)
  3 naga magi
  5 spiny frogs
  4 vault sentinels
  A torpor snail (Lair:3)
  5 yaktaurs
  A rime drake (Lair:2)
  An efreet (D:15)
  A komodo dragon (Lair:6)
  2 red devils (Depths:4)
  A troll (Orc:1)
  A tengu conjurer (Depths:2)
  3 hornets
  2 tyrant leeches (Lair:6)
  A bog body (Swamp:2)
  4 slime creatures
  A hippogriff (D:15)
  4 blink frogs
  A flying skull (Gauntlet)
  5 spriggans
  4 wraiths (D:14)
  A yak (Lair:1)
  4 humans (D:14)
  A fire elemental (D:14)
  A fire bat (D:11)
  A water elemental (Depths:5)
  A vampire mosquito (D:15)
  2 swamp worms
  13 nagas
  2 water moccasins (Lair:3)
  3 hell hounds (D:14)
  An acid dragon (D:11)
  2 ice beasts (IceCv)
  A floating eye (Depths:4)
  4 swamp drakes
  5 orc warriors
  A sky beast (D:9)
  6 ogres
  A wolf (Lair:1)
  A boggart (Vaults:1)
  An eye of draining (shapeshifter) (Vaults:2)
  A big kobold (Sewer)
  3 bullfrogs
  A spiny frog simulacrum (Lair:2)
  A water moccasin skeleton (D:4)
  A quasit (D:10)
  2 crimson imps
  4 orc priests
  A hound (D:7)
  3 orc wizards
  An iguana (D:8)
  An adder (D:9)
  7 white imps
  A leopard gecko (D:11)
  4 orcs
  A hobgoblin (D:3)
  A hobgoblin (shapeshifter) (Depths:1)
  A jackal (Sewer)
  3 kobolds
  A rat (D:3)
  A fire vortex (Vaults:3)
288 creatures vanquished.

Vanquished Creatures (others)
  A tentacled monstrosity (Zot:5)
  An Orb Guardian (Zot:5)
  A ghost moth (Zot:2)
  A deep elf sorcerer (Elf:3)
  A deep elf elementalist (Elf:3)
  A green draconian (Zot:1)
  A deep elf annihilator (Elf:3)
  An ettin (Vaults:5)
  A vault guard (Vaults:5)
  5 dancing weapons
  A tengu warrior (Depths:3)
  A deep troll (Depths:2)
  2 deep elf magi
  A rime drake (Lair:2)
  2 yaktaurs
  A tyrant leech (Swamp:4)
  A shapeshifter (Zot:1)
  A spriggan (Swamp:4)
  A yak (D:11)
  A water elemental (Elf:1)
  An ogre (Vaults:4)
  An eye of draining (shapeshifter) (Depths:1)
  A boggart (Vaults:2)
  A small abomination (Abyss:3)
  2 orcs
  2 briar patches (Swamp:2)
  A bush (Lair:6)
  3 fire vortices (D:11)
  18 fungi
  65 plants
  A starspawn tentacle (Abyss:3)
122 creatures vanquished.

Grand Total: 2647 creatures vanquished

Notes
Turn   | Place    | Note
-------+----------+-------------------------------------------
     0 | D:1      | tilp the Demonspawn Chaos Knight began the quest for the
                  | Orb.
     0 | D:1      | Reached XP level 1. HP: 18/18 MP: 1/1
   165 | D:1      | You fall into a shaft and drop 1 floor!
   280 | D:2      | Found a white marble altar of Elyvilon.
   280 | D:2      | Found a radiant altar of Vehumet.
   280 | D:2      | Found a snail-covered altar of Cheibriados.
   290 | D:2      | Gained mutation: You have sharp toenails. [demonic
                  | ancestry]
   290 | D:2      | Reached XP level 2. HP: 24/24 MP: 2/2
   419 | D:1      | XOM: mild Erth miscast
   708 | D:1      | XOM: divination: detect creatures
   872 | D:1      | Gained mutation: You are partially covered in slimy green
                  | scales. (AC +2) [demonic ancestry]
   872 | D:1      | Reached XP level 3. HP: 19/29 MP: 3/3
  1185 | D:2      | Noticed a boggart
  1185 | D:2      | a worm changed into a boggart
  1185 | D:2      | XOM: polymorph worm -> boggart
  1190 | D:2      | Killed a boggart
  1190 | D:2      | Reached skill level 5 in Maces & Flails
  1190 | D:2      | Gained mutation: You are mostly covered in slimy green
                  | scales. (AC +3) [demonic ancestry]
  1190 | D:2      | Reached XP level 4. HP: 31/35 MP: 4/4
  1219 | D:2      | Found a shattered altar of Ashenzari.
  1605 | D:3      | XOM: divination: detect items
  1613 | D:3      | Gained mutation: A weak demonic guardian rushes to your
                  | aid. [demonic ancestry]
  1613 | D:3      | Reached XP level 5. HP: 39/41 MP: 5/5
  1663 | D:3      | Noticed a centaur
  1673 | D:3      | Killed a centaur
  1719 | D:3      | Found a glowing drain.
  1723 | Sewer    | Entered a sewer
  1765 | Sewer    | XOM: enchant monster (good)
  1918 | Sewer    | XOM: cast spell 'Cause Fear'
  1925 | Sewer    | Gained mutation: You are completely covered in slimy green
                  | scales. (AC +4, rPois) [demonic ancestry]
  1925 | Sewer    | Reached XP level 6. HP: 47/47 MP: 6/6
  1960 | Sewer    | Found a white marble altar of Elyvilon.
  2058 | D:3      | XOM: enchant monster (bad)
  2387 | D:3      | XOM: cloud trail
  2616 | D:4      | XOM: scenery: create altars
  2694 | D:4      | XOM: butterfly on damage
  2842 | D:4      | Gained mutation: You have razor-sharp toenails. [demonic
                  | ancestry]
  2842 | D:4      | Reached XP level 7. HP: 45/52 MP: 5/7
  2928 | D:4      | XOM: give mutations
  2928 | D:4      | Gained mutation: Your flesh is heat resistant. (rF+) [Xom's
                  | grace]
  2928 | D:4      | Gained mutation: You are somewhat resistant to further
                  | mutation. [Xom's grace]
  2928 | D:4      | Gained mutation: Your spells are a little harder to cast,
                  | but a little more powerful. [Xom's grace]
  2928 | D:4      | Gained mutation: You are somewhat resistant to both further
                  | mutation and mutation removal. [Xom's grace]
  3000 | D:4      | XOM: enchant monster (good)
  3061 | D:4      | Noticed Robin
  3071 | D:4      | Killed Robin
  3229 | D:4      | XOM: confuse monster(s)
  3364 | D:5      | XOM: stealth player
  3364 | D:5      | Entered Level 5 of the Dungeon
  3378 | D:5      | Noticed a basilisk
  3378 | D:5      | an ogre changed into a basilisk
  3407 | D:5      | Killed a basilisk
  3414 | D:5      | Found a shadowy altar of Dithmenos.
  3437 | D:5      | Found an ornate altar of the Wu Jian Council.
  3468 | D:5      | Reached XP level 8. HP: 49/58 MP: 4/8
  3533 | D:5      | Noticed Eustachio
  3536 | D:5      | XOM: potion effect (agility)
  3537 | D:5      | XOM: potion effect (brilliance)
  3550 | D:5      | XOM: divination: detect creatures
  3575 | D:5      | Killed Eustachio
  3691 | D:5      | Found an opulent altar of Gozag.
  3777 | D:5      | Found an ancient bone altar of Kikubaaqudgha.
  3814 | D:5      | Found a staircase to the Ecumenical Temple.
  3832 | D:5      | Reached skill level 10 in Maces & Flails
  3880 | D:5      | XOM: harmless Conj miscast
  3968 | D:5      | XOM: harmless Fire miscast
  4075 | D:6      | XOM: silly message
  4204 | D:6      | XOM: smoke on damage
  4601 | D:6      | Got a bloodstained quarterstaff
  4711 | D:6      | Found a sparkling altar of Nemelex Xobeh.
  4826 | D:6      | Gained mutation: When hurt, damage is shared between your
                  | health and your magic reserves. [demonic ancestry]
  4826 | D:6      | Reached XP level 9. HP: 58/63 MP: 9/9
  4832 | D:6      | Noticed Sigmund
  4841 | D:6      | Killed Sigmund
  4987 | D:6      | XOM: harmless Tmut miscast
  5195 | D:7      | Found a stormy altar of Qazlal.
  5288 | D:7      | XOM: divination: magic mapping
  5291 | D:7      | XOM: potion effect (might)
  5391 | D:7      | XOM: divination: magic mapping
  5712 | D:7      | XOM: medium Fire miscast
  5770 | D:8      | XOM: enchant monster (bad)
  5837 | D:8      | XOM: god gift: amulet of guardian spirit {god gift}
  5969 | D:8      | XOM: potion effect (brilliance)
  5996 | D:8      | XOM: give mutations
  5996 | D:8      | Gained mutation: You are agile. (Dex +2) [Xom's mischief]
  5996 | D:8      | Gained mutation: Armour fits poorly on your strangely
                  | shaped body. [Xom's mischief]
  5996 | D:8      | Gained mutation: Your body sometimes deteriorates upon
                  | taking damage. [Xom's mischief]
  5996 | D:8      | Lost mutation: Your body sometimes deteriorates upon taking
                  | damage. [Xom's mischief]
  6031 | D:8      | XOM: polymorph white imp -> shadow imp
  6043 | D:8      | XOM: enchant monster (good)
  6076 | D:8      | Found a glowing silver altar of Zin.
  6076 | D:8      | Found a shimmering altar of Xom.
  6079 | D:8      | Found a hide-covered altar of Uskayaw.
  6080 | D:8      | Found a blossoming altar of Fedhas.
  6145 | D:8      | XOM: medium Conj miscast
  6224 | D:8      | XOM: enchant monster (good)
  6545 | D:9      | XOM: potion effect (might)
  6546 | D:9      | XOM: scenery: create altars
  6551 | D:9      | Reached XP level 10. HP: 61/70 MP: 8/10
  6552 | D:9      | XOM: cleaving
  6553 | D:9      | XOM: polymorph yak -> golden eye
  6559 | D:9      | XOM: fake destruction
  6642 | D:9      | XOM: cloud trail
  6663 | D:9      | XOM: harmless Hex miscast
  6703 | D:9      | Found a basalt altar of Yredelemnul.
  6880 | D:9      | XOM: potion effect (haste)
  7012 | D:9      | Found Wesmooc's Antique Armour Boutique.
  7027 | D:10     | Entered Level 10 of the Dungeon
  7075 | D:10     | XOM: god gift: leather armour {god gift}
  7558 | D:10     | XOM: fake destruction
  7561 | D:10     | XOM: summons 10 friendly demons
  7598 | D:10     | XOM: polymorph ufetubus -> iron imp
  7626 | D:10     | Noticed a two-headed ogre
  7627 | D:10     | Found a staircase to the Orcish Mines.
  7637 | D:10     | XOM: 2-stop teleportation journey
  7662 | D:10     | XOM: scenery: create altars
  7664 | D:10     | XOM: god gift: whip {god gift}
  7691 | D:10     | XOM: cleaving
  7692 | D:10     | Reached skill level 4 in Fighting
  7699 | D:10     | Killed a two-headed ogre
  7699 | D:10     | Reached skill level 5 in Fighting
  7912 | D:10     | Reached skill level 6 in Fighting
  8072 | D:11     | Noticed a six-headed hydra
  8073 | D:11     | Noticed an ettin
  8073 | D:11     | a six-headed hydra changed into an ettin
  8073 | D:11     | XOM: polymorph six-headed hydra -> ettin
  8077 | D:11     | XOM: fog
  8082 | D:11     | Killed an ettin
  8082 | D:11     | Reached skill level 7 in Fighting
  8265 | D:11     | XOM: chaos upgrade
  8297 | D:11     | XOM: polymorph orc -> adder
  8359 | D:11     | Gained mutation: A demonic guardian rushes to your aid.
                  | [demonic ancestry]
  8359 | D:11     | Reached XP level 11. HP: 82/84 MP: 11/11
  8360 | D:11     | XOM: confusion
  8370 | D:11     | XOM: noise
  8395 | D:11     | XOM: noise
  8414 | D:11     | Reached skill level 8 in Fighting
  8443 | D:11     | Reached skill level 1 in Dodging
  8450 | D:11     | XOM: silly message
  8452 | D:11     | Reached skill level 1 in Evocations
  8681 | D:11     | XOM: summons 4 hostile shadow creatures
  8780 | D:11     | Found a staircase to the Lair.
  8917 | D:11     | XOM: give mutations
  8917 | D:11     | Gained mutation: You are resistant to hostile enchantments.
                  | (MR+) [Xom's mischief]
  8917 | D:11     | Lost mutation: You are agile. (Dex +2) [Xom's mischief]
  9162 | D:11     | XOM: divination: detect creatures
  9194 | D:11     | XOM: mild Ice miscast
  9382 | D:11     | Found Becank's Antique Armour Emporium.
  9385 | D:11     | Bought a cloak for 112 gold pieces
  9677 | D:11     | XOM: give mutations
  9677 | D:11     | Lost mutation: Your spells are a little harder to cast, but
                  | a little more powerful. [Xom's mischief]
  9677 | D:11     | Gained mutation: Scrolls take you a little longer to read.
                  | [Xom's mischief]
  9677 | D:11     | Gained mutation: Scrolls take you longer to read. [Xom's
                  | mischief]
  9682 | D:11     | Identified the +4 quarterstaff "Geithrysi" {crush, *Slow
                  | rElec Dex+6 SInv} (You found it on level 6 of the Dungeon)
  9708 | Lair:1   | Entered Level 1 of the Lair of Beasts
  9753 | Lair:1   | XOM: swap monsters
  9793 | Lair:1   | XOM: confusion (+ monsters)
  9951 | Lair:1   | XOM: mild Ice miscast
 10059 | Lair:1   | XOM: enchant monster (good)
 10090 | Lair:1   | XOM: divination: magic mapping
 10103 | Lair:1   | Reached skill level 5 in Evocations
 10362 | Lair:1   | XOM: silly message
 10613 | Lair:2   | Found a staircase to the Snake Pit.
 10618 | Lair:2   | XOM: medium Summ miscast
 10678 | Lair:2   | Found a gate leading to a gauntlet.
 10687 | Gauntlet | Entered a Gauntlet
 10687 | Gauntlet | Found a transporter.
 10687 | Gauntlet | Found a transporter.
 10687 | Gauntlet | Found a transporter.
 10689 | Gauntlet | Noticed a wizard
 10760 | Gauntlet | Found a transporter.
 10769 | Gauntlet | Noticed a death scarab
 10770 | Gauntlet | Found a transporter.
 10773 | Gauntlet | Found a transporter.
 10782 | Gauntlet | Noticed a catoblepas
 10785 | Gauntlet | Found a transporter.
 10802 | Gauntlet | Found a transporter.
 10816 | Gauntlet | Found a transporter.
 10819 | Gauntlet | Found a transporter.
 10829 | Gauntlet | Found a transporter.
 10830 | Gauntlet | Found a transporter.
 10929 | Gauntlet | Killed a wizard
 11049 | Gauntlet | XOM: noise
 11050 | Gauntlet | XOM: harmless Air miscast
 11051 | Gauntlet | XOM: polymorph swamp worm -> shapeshifter
 11161 | Gauntlet | XOM: mild Conj miscast
 11203 | Gauntlet | Reached skill level 9 in Fighting
 11234 | Gauntlet | XOM: confusion
 11412 | Gauntlet | Noticed a minotaur
 11421 | Gauntlet | Killed a minotaur
 11421 | Gauntlet | Reached XP level 12. HP: 76/97 MP: 12/16
 11516 | Gauntlet | Reached skill level 10 in Fighting
 11904 | Lair:2   | Found a runed translucent gate.
 11904 | Lair:2   | Found a runed translucent gate.
 11904 | Lair:2   | Found a runed translucent gate.
 11906 | Lair:2   | XOM: harmless Summ miscast
 12278 | Lair:2   | XOM: 8-stop teleportation journey
 12570 | Lair:2   | Reached skill level 11 in Fighting
 12724 | Lair:2   | Noticed PeterLawrence's ghost (journeyman MiFi)
 12772 | Lair:2   | Noticed an eight-headed hydra
 12797 | Lair:2   | Noticed a six-headed hydra
 12810 | Lair:2   | Killed a six-headed hydra
 12822 | Lair:2   | Killed an eight-headed hydra
 12826 | Lair:2   | Found a staircase to the Swamp.
 12872 | Lair:2   | XOM: harmless Ice miscast
 13341 | Lair:3   | Reached skill level 12 in Fighting
 13397 | Lair:3   | XOM: enchant monster (good)
 13406 | Lair:3   | Reached skill level 1 in Shields
 13488 | Lair:3   | Noticed a death yak
 13501 | Lair:3   | Killed a death yak
 13509 | Lair:3   | Noticed a death yak
 13515 | Lair:3   | XOM: scenery: create altars
 13519 | Lair:3   | XOM: enchant monster (good)
 13547 | Lair:3   | Killed a death yak
 13724 | Lair:3   | Noticed a six-headed hydra
 13731 | Lair:3   | Killed a six-headed hydra
 13731 | Lair:3   | Reached skill level 5 in Dodging
 13846 | Lair:3   | XOM: give mutations
 13846 | Lair:3   | Gained mutation: You are resistant to electric shocks.
                  | (rElec) [Xom's grace]
 13846 | Lair:3   | Gained mutation: Your muscles are strong. (Str +2) [Xom's
                  | grace]
 13846 | Lair:3   | Gained mutation: You have claws for feet. [Xom's grace]
 13883 | Lair:1   | XOM: scenery: create altars
 13939 | D:11     | Bought a spiked plate armour for 700 gold pieces
 13941 | D:11     | Identified the +7 plate armour of Okawaru's Delight {-Tele
                  | rPois rN+ SInv} (You bought it in a shop on level 11 of the
                  | Dungeon)
 14019 | Lair:2   | XOM: divination: detect items
 14148 | Lair:4   | XOM: enchant monster (good)
 14193 | Lair:4   | Noticed a five-headed hydra
 14199 | Lair:4   | Killed a five-headed hydra
 14278 | Lair:4   | Identified the +0 chain mail "Zighiluce" {Slay+3} (You
                  | found it on level 4 of the Lair of Beasts)
 14300 | Lair:4   | Found a runed translucent gate.
 14300 | Lair:4   | Found a runed translucent gate.
 14300 | Lair:4   | Found a runed translucent gate.
 14305 | Lair:4   | Noticed KristoblXynda's ghost (journeyman DrGl)
 14310 | Lair:4   | XOM: cast spell 'Statue Form'
 14515 | Lair:4   | XOM: polymorph something unseen -> worker ant
 14818 | Lair:4   | Reached XP level 13. HP: 71/108 MP: 11/18
 15040 | Lair:5   | Found a frozen archway.
 15160 | IceCv    | Entered an ice cave
 15457 | IceCv    | XOM: god gift: staff of cold {god gift}
 15681 | IceCv    | XOM: confusion
 15697 | IceCv    | XOM: blink monster(s)
 15733 | IceCv    | XOM: severe Necr miscast
 16146 | IceCv    | XOM: noise
 16149 | IceCv    | Got a faintly glowing spear
 16151 | IceCv    | Got a twisted scale mail
 16159 | IceCv    | Got faintly glowing ice dragon scales
 16164 | IceCv    | Got an ichor-stained helmet
 16196 | IceCv    | Identified the +9 ice dragon scales "Ithoulou" {rF- rC++
                  | MR+ Str+3 Stlth-} (You found it in an ice cave)
 16384 | Lair:5   | Identified the +0 helmet "Wuniuk" {rElec Regen+ Dex+4
                  | Slay-5} (You found it in an ice cave)
 16595 | Lair:6   | Entered Level 6 of the Lair of Beasts
 16728 | Lair:6   | XOM: summons 6 hostile demons
 16917 | Lair:6   | Found a staircase to the Slime Pits.
 16968 | Lair:6   | XOM: mild Chrm miscast
 17034 | Lair:6   | XOM: confuse monster(s)
 17088 | Lair:6   | Reached skill level 10 in Evocations
 17254 | Lair:6   | XOM: polymorph bullfrog -> jelly
 17475 | Lair:5   | XOM: harmless Ice miscast
 17560 | Lair:5   | XOM: medium Pois miscast
 17707 | Lair:6   | Reached skill level 13 in Fighting
 17755 | Lair:6   | XOM: noise
 17764 | Lair:6   | XOM: polymorph spiny frog -> guardian serpent
 17823 | Lair:5   | XOM: give mutations
 17823 | Lair:5   | Lost mutation: Scrolls take you longer to read. [Xom's
                  | mischief]
 17823 | Lair:5   | Gained mutation: Your natural rate of healing is unusually
                  | fast. [Xom's mischief]
 17823 | Lair:5   | Lost mutation: Armour fits poorly on your strangely shaped
                  | body. [Xom's mischief]
 18017 | Lair:6   | XOM: silly message
 18158 | Lair:6   | XOM: mild Tloc miscast
 18179 | Lair:6   | Identified the cursed +0 scale mail of Servitude {Int+4}
                  | (You found it in an ice cave)
 18286 | Lair:6   | XOM: enchant monster (good)
 18354 | Lair:6   | XOM: divination: magic mapping
 18469 | Lair:6   | XOM: give mutations
 18469 | Lair:6   | Gained mutation: You expend magic power (3 MP) to
                  | strengthen your wands. [Xom's grace]
 18469 | Lair:6   | Gained mutation: You have a pair of small horns on your
                  | head. [Xom's grace]
 18469 | Lair:6   | Gained mutation: You possess an exceptional clarity of
                  | mind. [Xom's grace]
 18469 | Lair:6   | Gained mutation: You can translocate small distances at
                  | will. [Xom's grace]
 18517 | Lair:3   | XOM: give mutations
 18517 | Lair:3   | Gained mutation: You are agile. (Dex +2) [Xom's grace]
 18517 | Lair:3   | Gained mutation: You have very sharp teeth. [Xom's grace]
 18517 | Lair:3   | Gained mutation: You are covered in fur. (AC +1) [Xom's
                  | grace]
 18517 | Lair:3   | Gained mutation: Your spells are a little harder to cast,
                  | but a little more powerful. [Xom's grace]
 18638 | D:9      | Bought a brightly glowing plate armour for 644 gold pieces
 18693 | Orc:1    | Entered Level 1 of the Orcish Mines
 18697 | Orc:1    | XOM: confuse monster(s)
 18728 | Orc:1    | XOM: fog
 18901 | Orc:1    | Found a roughly hewn altar of Beogh.
 19054 | Orc:2    | Entered Level 2 of the Orcish Mines
 19061 | Orc:2    | Reached skill level 14 in Fighting
 19126 | Orc:2    | XOM: give mutations
 19126 | Orc:2    | Gained mutation: You heal very quickly. [Xom's grace]
 19126 | Orc:2    | Gained mutation: You are almost entirely resistant to
                  | further mutation and mutation removal. [Xom's grace]
 19293 | Orc:2    | Found a staircase to the Elven Halls.
 19364 | Orc:2    | XOM: god gift: 1290 gold pieces
 19383 | Orc:1    | XOM: swap monsters
 19384 | Orc:1    | XOM: give mutation
 19384 | Orc:1    | Lost mutation: You possess an exceptional clarity of mind.
                  | [Xom's mischief]
 19405 | Orc:1    | XOM: swap monsters
 19410 | Orc:1    | XOM: medium Ice miscast
 19461 | Orc:1    | XOM: confusion
 19740 | Orc:2    | XOM: harmless Erth miscast
 20053 | Orc:2    | Found Ehowegh's Gadget Shoppe.
 20059 | Orc:2    | Mutation became permanent: Your flesh is heat resistant.
                  | (rF+) [demonic ancestry]
 20059 | Orc:2    | Gained mutation: Your flesh is heat resistant. (rF+)
                  | [demonic ancestry]
 20059 | Orc:2    | Reached XP level 14. HP: 110/121 MP: 17/21
 20366 | Orc:2    | Found Cailit's Magic Scroll Shoppe.
 20371 | Orc:2    | Found Xylaxkeuni's Antique Armour Boutique.
 20376 | Orc:2    | Found Mazoddeu's Distillery.
 20380 | Orc:2    | Bought a potion of mutation for 128 gold pieces
 20380 | Orc:2    | Bought a potion of heal wounds for 80 gold pieces
 20380 | Orc:2    | Bought a potion of mutation for 128 gold pieces
 20380 | Orc:2    | Bought a potion of degeneration for 16 gold pieces
 20404 | Orc:2    | Bought a pair of ichor-stained gloves for 332 gold pieces
 20406 | Orc:2    | Bought a scroll of remove curse for 45 gold pieces
 20406 | Orc:2    | Bought a scroll of teleportation for 45 gold pieces
 20406 | Orc:2    | Bought a scroll of remove curse for 45 gold pieces
 20406 | Orc:2    | Bought a scroll of remove curse for 45 gold pieces
 20406 | Orc:2    | Bought a scroll of fear for 52 gold pieces
 20406 | Orc:2    | Bought a scroll of fog for 30 gold pieces
 20406 | Orc:2    | Bought a scroll of identify for 30 gold pieces
 20406 | Orc:2    | Bought a scroll of noise for 15 gold pieces
 20410 | Orc:2    | Identified the +2 pair of gloves of Dishonesty {rElec rPois
                  | MR- SInv} (You bought it in a shop on level 2 of the Orcish
                  | Mines)
 20522 | D:12     | Found Bessaku's Book Shop.
 20538 | D:12     | Reached skill level 15 in Fighting
 20693 | D:12     | XOM: enchant monster (bad)
 20796 | D:12     | XOM: cast spell 'Metabolic Englaciation'
 21045 | D:13     | XOM: confuse monster(s)
 21148 | D:13     | XOM: god gift: 21 arrows
 21203 | D:13     | Found a white marble altar of Elyvilon.
 21297 | D:13     | XOM: enchant monster (good)
 21746 | D:13     | XOM: divination: magic mapping
 21909 | D:14     | Found Aaetioli's Alliterative Accessories.
 21924 | D:14     | Noticed Nessos
 21930 | D:14     | XOM: divine lightning
 21943 | D:14     | Killed Nessos
 21943 | D:14     | Noticed Jorgrun
 21944 | D:14     | XOM: fog
 21946 | D:14     | XOM: scenery: 1 doors open
 21950 | D:14     | Killed Jorgrun
 21950 | D:14     | Reached skill level 16 in Fighting
 21983 | D:14     | XOM: fog
 21999 | D:14     | Noticed Azrael
 22019 | D:14     | XOM: summons friendly iron imp
 22021 | D:14     | XOM: potion effect (agility)
 22028 | D:14     | Killed Azrael
 22049 | D:14     | Found a flagged portal.
 22062 | Bailey   | Entered a bailey
 22161 | Bailey   | XOM: give mutations
 22161 | Bailey   | Gained mutation: You have sharp fingernails. [Xom's grace]
 22161 | Bailey   | Gained mutation: You are highly resistant to hostile
                  | enchantments. (MR++) [Xom's grace]
 22161 | Bailey   | Gained mutation: Your spells are harder to cast, but more
                  | powerful. [Xom's grace]
 22244 | Bailey   | XOM: enchant monster (good)
 22251 | Bailey   | XOM: summons friendly ufetubus
 22564 | D:14     | Reached skill level 5 in Armour
 22565 | D:14     | Found Wypoosk's Armour Shoppe.
 22576 | D:14     | XOM: confuse monster(s)
 22627 | D:14     | Identified the +3 plate armour of Wu Jian's Approval {Dex+2
                  | Slay+3} (You bought it in a shop on level 9 of the Dungeon)
 22789 | D:14     | Noticed Josephine
 22796 | D:14     | Killed Josephine
 23037 | D:14     | Got a heavily runed ring mail
 23077 | D:14     | Found a gate to the Vaults.
 23077 | D:14     | XOM: scenery: 2 fountains blood, 3 doors close
 23094 | D:14     | XOM: enchant monster (good)
 23289 | D:15     | Entered Level 15 of the Dungeon
 23322 | D:15     | Noticed Rupert
 23327 | D:15     | Mutation became permanent: You have razor-sharp toenails.
                  | [demonic ancestry]
 23327 | D:15     | Gained mutation: You have claws for feet. [demonic
                  | ancestry]
 23327 | D:15     | Reached XP level 15. HP: 131/131 MP: 22/22
 23330 | D:15     | XOM: confuse monster(s)
 23339 | D:15     | Killed Rupert
 23364 | D:15     | XOM: enchant monster (bad)
 23477 | D:15     | XOM: enchant monster (bad)
 23486 | D:15     | XOM: noise
 23489 | D:15     | XOM: confuse monster(s)
 23673 | D:15     | XOM: swap monsters
 23676 | D:15     | XOM: potion effect (magic)
 23722 | D:15     | Found a staircase to the Depths.
 23850 | D:15     | XOM: harmless Tloc miscast
 23856 | D:15     | Reached skill level 10 in Armour
 23934 | D:15     | XOM: confuse monster(s)
 24035 | D:15     | Found a hide-covered altar of Uskayaw.
 24046 | D:15     | Noticed Louise
 24048 | D:15     | XOM: enchant monster (good)
 24056 | D:15     | Killed Louise
 24168 | D:13     | XOM: mild Necr miscast
 24302 | Lair:2   | Killed PeterLawrence's ghost
 24436 | Lair:4   | Killed KristoblXynda's ghost
 24483 | Lair:2   | XOM: god gift: 56 gold pieces
 24493 | Lair:2   | XOM: harmless Hex miscast
 24506 | Swamp:1  | Entered Level 1 of the Swamp
 24508 | Swamp:1  | XOM: swap monsters
 24537 | Swamp:1  | XOM: cast spell 'Discord'
 24664 | Swamp:1  | Identified the +5 ring mail of Zipud {*Slow rF+ rN+} (You
                  | found it on level 14 of the Dungeon)
 24925 | Swamp:1  | XOM: blink monster(s)
 25132 | Swamp:1  | XOM: swap monsters
 25259 | Lair:2   | XOM: harmless Tmut miscast
 25265 | Snake:1  | Entered Level 1 of the Snake Pit
 25283 | Snake:1  | XOM: enchant monster (good)
 25537 | Snake:1  | XOM: confuse monster(s)
 25640 | Snake:1  | XOM: enchant monster (good)
 25819 | Snake:1  | Gained mutation: You are immune to clouds of flame.
                  | [demonic ancestry]
 25819 | Snake:1  | Reached XP level 16. HP: 130/139 MP: 19/23
 25848 | Snake:1  | Reached XP level 17. HP: 146/146 MP: 24/24
 25875 | Snake:1  | XOM: summons 2 hostile shadow creatures
 25898 | Snake:1  | XOM: give mutations
 25898 | Snake:1  | Lost mutation: Scrolls take you a little longer to read.
                  | [Xom's mischief]
 25898 | Snake:1  | Lost mutation: You can translocate small distances at will.
                  | [Xom's mischief]
 25967 | Snake:1  | Found Zasor Ipn's Distillery.
 25980 | Snake:1  | Bought a potion of might for 48 gold pieces
 25980 | Snake:1  | Bought a potion of mutation for 96 gold pieces
 25980 | Snake:1  | Bought a potion of curing for 36 gold pieces
 25980 | Snake:1  | Bought a potion of mutation for 96 gold pieces
 25980 | Snake:1  | Bought a potion of ambrosia for 96 gold pieces
 25980 | Snake:1  | Bought a potion of ambrosia for 96 gold pieces
 25980 | Snake:1  | Bought 2 potions of heal wounds for 120 gold pieces
 26151 | Snake:1  | Found Miagoudil's Gadget Shop.
 26151 | Snake:1  | Found Baopekk's Jewellery Shoppe.
 26152 | Snake:1  | Found Zupsyzoa's Gadget Shop.
 26159 | Snake:1  | Bought the ring of Buithe {rElec rPois Str+7 Int+4 Stlth-}
                  | for 779 gold pieces
 26163 | Snake:1  | Bought a box of beasts for 280 gold pieces
 26257 | Snake:2  | XOM: swap monsters
 26260 | Snake:2  | XOM: mild Air miscast
 26388 | Snake:2  | Identified a scroll of acquirement
 26483 | Snake:2  | XOM: enchant monster (bad)
 26603 | Snake:2  | Reached skill level 17 in Fighting
 26638 | Snake:2  | XOM: 5-stop teleportation journey
 26883 | Snake:2  | Found a bloodstained altar of Trog.
 26954 | Snake:2  | XOM: silly message
 26956 | Snake:2  | XOM: summons 8 hostile demons
 27480 | Snake:3  | XOM: summons 8 hostile demons
 27494 | Snake:3  | XOM: summons 3 friendly demons
 27755 | Snake:3  | XOM: smoke on damage
 27771 | Snake:3  | Reached skill level 18 in Fighting
 27839 | Snake:3  | XOM: polymorph sixfirhy -> sun demon
 28051 | Snake:3  | XOM: harmless Erth miscast
 28072 | Snake:3  | XOM: harmless Hex miscast
 28429 | Orc:2    | Bought a scroll of brand weapon for 300 gold pieces
 28608 | Swamp:2  | XOM: polymorph shambling mangrove -> thorn hunter
 28609 | Swamp:2  | XOM: summons 15 friendly demons
 28615 | Swamp:2  | XOM: polymorph thorn hunter -> thorn hunter
 28794 | Swamp:2  | XOM: noise
 29062 | Swamp:2  | XOM: give mutations
 29062 | Swamp:2  | Lost mutation: You have a pair of small horns on your head.
                  | [Xom's mischief]
 29062 | Swamp:2  | Lost mutation: You expend magic power (3 MP) to strengthen
                  | your wands. [Xom's mischief]
 29062 | Swamp:2  | Lost mutation: Your muscles are strong. (Str +2) [Xom's
                  | mischief]
 29062 | Swamp:2  | Lost mutation: You are covered in fur. (AC +1) [Xom's
                  | mischief]
 29127 | Swamp:2  | XOM: harmless Necr miscast
 29358 | Swamp:2  | XOM: summons 3 hostile shadow creatures
 29401 | Swamp:3  | Found a white marble altar of Elyvilon.
 29497 | Swamp:3  | XOM: confuse monster(s)
 29499 | Swamp:3  | XOM: summons 5 friendly demons
 29501 | Swamp:3  | Reached skill level 19 in Fighting
 29531 | Swamp:3  | XOM: noise
 29593 | Swamp:3  | XOM: mild Tloc miscast
 29664 | Swamp:3  | XOM: harmless Fire miscast
 29732 | Swamp:3  | XOM: 1-stop teleportation journey
 29734 | Swamp:3  | XOM: divination: detect items
 29740 | Swamp:3  | XOM: harmless Air miscast
 29943 | Swamp:3  | XOM: harmless Conj miscast
 30109 | Snake:3  | XOM: scenery: create altars
 30129 | Snake:4  | Entered Level 4 of the Snake Pit
 30173 | Snake:4  | Reached XP level 18. HP: 135/160 MP: 20/25
 30178 | Snake:4  | XOM: summons friendly white imp
 30185 | Snake:4  | XOM: mild Fire miscast
 30197 | Snake:4  | XOM: confuse monster(s)
 30205 | Snake:4  | XOM: potion effect (magic)
 30361 | Snake:4  | XOM: summons 2 friendly demons
 30369 | Snake:4  | XOM: divination: magic mapping
 30374 | Snake:4  | Reached skill level 20 in Fighting
 30408 | Snake:4  | XOM: fog
 30420 | Snake:4  | XOM: enchant monster (bad)
 30465 | Snake:4  | XOM: harmless Tmut miscast
 30626 | Snake:4  | Reached skill level 15 in Maces & Flails
 30883 | Snake:4  | XOM: divination: magic mapping
 31057 | Snake:4  | XOM: harmless Fire miscast
 31059 | Snake:4  | XOM: summons 3 friendly demons
 31109 | Snake:4  | XOM: cloud trail
 31155 | Snake:4  | XOM: cleaving
 31161 | Snake:4  | XOM: fake destruction
 31267 | Snake:4  | XOM: give mutations
 31267 | Snake:4  | Gained mutation: You are frail. (-10% HP) [Xom's mischief]
 31267 | Snake:4  | Lost mutation: You are frail. (-10% HP) [Xom's mischief]
 31267 | Snake:4  | Lost mutation: You are resistant to electric shocks.
                  | (rElec) [Xom's mischief]
 31267 | Snake:4  | Lost mutation: You have very sharp teeth. [Xom's mischief]
 31286 | Snake:4  | Got a serpentine rune of Zot
 31448 | Snake:1  | Bought a phantom mirror for 480 gold pieces
 31578 | Swamp:4  | Entered Level 4 of the Swamp
 31651 | Swamp:4  | XOM: scenery: create altars
 31652 | Swamp:4  | XOM: scenery: create altars
 31714 | Swamp:4  | XOM: god gift: scroll of silence
 31845 | Swamp:4  | XOM: fake destruction
 32001 | Swamp:4  | XOM: scenery: create altars
 32087 | Swamp:4  | XOM: fog
 32090 | Swamp:4  | HP: 6/162 [titanic slime creature (55)]
 32377 | Swamp:4  | Noticed the 27-headed Lernaean hydra
 32394 | Swamp:4  | Killed the 27-headed Lernaean hydra
 32461 | Swamp:4  | XOM: mild Summ miscast
 32474 | Swamp:4  | Got a decaying rune of Zot
 32816 | Depths:1 | Entered Level 1 of the Depths
 32860 | Depths:1 | Reached skill level 10 in Dodging
 32879 | Depths:1 | Found a one-way gate to the infinite horrors of the Abyss.
 32905 | Depths:1 | XOM: silly message
 32928 | Depths:1 | Found a gateway to Hell.
 32954 | Depths:1 | XOM: 3-stop teleportation journey
 33037 | Depths:1 | XOM: divination: detect items
 33237 | Depths:1 | XOM: god gift: wand of scattershot (4)
 33242 | Depths:1 | XOM: medium Hex miscast
 33254 | D:15     | Gained mutation: You can hurl damnation. [demonic ancestry]
 33254 | D:15     | Reached XP level 19. HP: 101/169 MP: 16/26
 33275 | D:15     | XOM: summons 1 hostile shadow creature
 33656 | Depths:1 | Found the ring of Robustness {AC+8}
 33846 | Depths:2 | XOM: summons friendly crimson imp
 33848 | Depths:2 | XOM: blink monster(s)
 33866 | Depths:2 | XOM: enchant monster (good)
 33893 | Depths:2 | XOM: harmless Pois miscast
 33896 | Depths:2 | XOM: cast spell 'Summon Small Mammal'
 33984 | Depths:1 | XOM: cast spell 'Alistair's Intoxication'
 34066 | Depths:2 | Noticed a caustic shrike
 34078 | Depths:2 | Noticed a lich
 34080 | Depths:2 | XOM: potion effect (invisibility)
 34088 | Depths:2 | Killed a lich
 34294 | Depths:2 | XOM: potion effect (magic)
 34300 | Depths:2 | XOM: potion effect (invisibility)
 34307 | Depths:2 | XOM: potion effect (might)
 34311 | Depths:1 | Killed a caustic shrike
 34389 | D:14     | XOM: harmless Pois miscast
 34416 | Vaults:1 | Entered Level 1 of the Vaults
 34484 | Vaults:1 | Noticed Aizul
 34485 | Vaults:1 | XOM: potion effect (brilliance)
 34493 | Vaults:1 | Killed Aizul
 34513 | Vaults:1 | XOM: potion effect (berserk rage)
 34531 | Vaults:1 | XOM: potion effect (brilliance)
 34793 | Vaults:1 | XOM: potion effect (might)
 34806 | Vaults:1 | XOM: harmless Pois miscast
 34858 | Vaults:1 | XOM: potion effect (haste)
 34901 | Vaults:1 | XOM: give mutations
 34901 | Vaults:1 | Lost mutation: Your spells are harder to cast, but more
                  | powerful. [Xom's mischief]
 34901 | Vaults:1 | Lost mutation: You heal very quickly. [Xom's mischief]
 34997 | Vaults:1 | XOM: cast spell 'Necromutation'
 35100 | Vaults:1 | XOM: god gift: scroll of amnesia
 35150 | Vaults:1 | XOM: medium Erth miscast
 35317 | Vaults:1 | XOM: swap monsters
 35399 | Vaults:1 | Gained mutation: You regenerate magic rapidly. [demonic
                  | ancestry]
 35399 | Vaults:1 | Reached XP level 20. HP: 176/176 MP: 27/27
 35401 | Vaults:1 | XOM: enchant monster (good)
 35456 | Vaults:1 | XOM: harmless Air miscast
 35719 | Vaults:1 | XOM: potion effect (invisibility)
 35769 | Vaults:1 | XOM: harmless Air miscast
 35794 | Vaults:2 | XOM: noise
 35803 | Vaults:2 | XOM: silly message
 35820 | Vaults:2 | XOM: divination: magic mapping
 35865 | Vaults:2 | Noticed a bone dragon
 35874 | Vaults:2 | XOM: polymorph orange demon -> ice devil
 35880 | Vaults:2 | Killed a bone dragon
 35890 | Vaults:2 | Found a staircase to the Crypt.
 35891 | Vaults:2 | XOM: chaos upgrade
 35907 | Vaults:2 | XOM: blink monster(s)
 35917 | Vaults:2 | XOM: scenery: 1 doors open, 1 doors close
 35943 | Vaults:2 | XOM: 6-stop teleportation journey
 35991 | Vaults:2 | XOM: potion effect (magic)
 36246 | Vaults:2 | XOM: mild Conj miscast
 36248 | Vaults:2 | XOM: confuse monster(s)
 36321 | Vaults:2 | You fall into a shaft and drop 1 floor!
 36459 | Vaults:2 | XOM: noise
 36681 | Vaults:2 | XOM: noise
 36682 | Vaults:2 | XOM: potion effect (agility)
 36785 | Vaults:2 | XOM: divine lightning
 36836 | Vaults:2 | XOM: noise
 36917 | Vaults:2 | XOM: god gift: potion of berserk rage
 37073 | Vaults:2 | Found a runed translucent gate.
 37073 | Vaults:2 | Found a runed translucent gate.
 37073 | Vaults:2 | Found a runed translucent gate.
 37074 | Vaults:2 | Found an opulent altar of Gozag.
 37074 | Vaults:2 | Noticed Tovvajec's ghost (adept HOBe)
 37076 | Vaults:2 | Found Jaemn's Assorted Antiques.
 37190 | Vaults:3 | Found Tuxzinut's Weapon Emporium.
 37225 | Vaults:3 | XOM: summons friendly crimson imp
 37243 | Vaults:3 | XOM: give mutations
 37243 | Vaults:3 | Gained mutation: You have very sharp fingernails. [Xom's
                  | grace]
 37243 | Vaults:3 | Gained mutation: You have claws for hands. [Xom's grace]
 37243 | Vaults:3 | Gained mutation: You have supernaturally acute eyesight.
                  | (SInv) [Xom's grace]
 37289 | Vaults:3 | XOM: polymorph crimson imp -> shadow imp
 37322 | Vaults:3 | XOM: cast spell 'Disjunction'
 37357 | Vaults:3 | XOM: polymorph ice devil -> rust devil
 37387 | Vaults:3 | XOM: fog
 37617 | Vaults:3 | Found the +8 glaive of the Guard {elec, +Rage AC+5 SInv}
 37732 | Vaults:3 | XOM: god gift: iridescent dire flail {god gift}
 37733 | Vaults:3 | Identified the +6 dire flail of Feus {chaos, rElec MP+9
                  | Str+4} (Xom gifted it to you on level 3 of the Vaults)
 37805 | Vaults:3 | XOM: fog
 37807 | Vaults:3 | XOM: polymorph ice devil -> orange demon
 37814 | Vaults:3 | XOM: destruction
 37822 | Vaults:3 | XOM: give mutation
 37822 | Vaults:3 | Gained mutation: You are very agile. (Dex +4) [Xom's grace]
 37843 | Vaults:3 | XOM: harmless Chrm miscast
 37849 | Vaults:3 | XOM: confuse monster(s)
 37927 | Vaults:3 | Reached XP level 21. HP: 169/183 MP: 28/28
 38083 | Vaults:3 | XOM: mild Fire miscast
 38298 | Vaults:3 | XOM: summons 3 friendly demons
 38385 | Vaults:3 | XOM: give mutation
 38385 | Vaults:3 | Gained mutation: You have a pair of small horns on your
                  | head. [Xom's grace]
 38410 | Vaults:3 | XOM: cloud trail
 38728 | Elf:1    | Entered Level 1 of the Elven Halls
 38761 | Elf:1    | Found a radiant altar of Vehumet.
 38767 | Elf:1    | XOM: summons friendly ufetubus
 38783 | Elf:1    | XOM: enchant monster (good)
 38867 | Elf:1    | XOM: 3-stop teleportation journey
 39051 | Elf:1    | XOM: summons 1 hostile shadow creature
 39064 | Elf:1    | XOM: summons 10 hostile demons
 39070 | Elf:1    | XOM: summons friendly ufetubus
 39082 | Elf:1    | XOM: divination: magic mapping
 39107 | Elf:1    | XOM: give mutations
 39107 | Elf:1    | Gained mutation: You possess an exceptional clarity of
                  | mind. [Xom's grace]
 39107 | Elf:1    | Gained mutation: You passively map a small area around you.
                  | [Xom's grace]
 39107 | Elf:1    | Gained mutation: Your muscles are strong. (Str +2) [Xom's
                  | grace]
 39107 | Elf:1    | Gained mutation: You have a pair of horns on your head.
                  | [Xom's grace]
 39133 | Elf:1    | XOM: god gift: 22 bolts
 39264 | Elf:1    | XOM: give mutations
 39264 | Elf:1    | Gained mutation: Your flesh is very heat resistant. (rF++)
                  | [Xom's grace]
 39264 | Elf:1    | Gained mutation: Your muscles are very strong. (Str +4)
                  | [Xom's grace]
 39292 | Elf:1    | XOM: give mutation
 39292 | Elf:1    | Lost mutation: You are highly resistant to hostile
                  | enchantments. (MR++) [Xom's mischief]
 39302 | Elf:1    | Identified the Disquisition on Companions
 39391 | Elf:1    | Found a deep blue altar of Sif Muna.
 39448 | Elf:1    | XOM: god gift: 27 gold pieces
 39612 | Elf:2    | XOM: polymorph deep elf mage -> two-headed ogre
 39614 | Elf:2    | XOM: fake destruction
 39623 | Elf:2    | XOM: harmless Pois miscast
 39656 | Elf:2    | Found a runed translucent gate.
 39656 | Elf:2    | Found a runed translucent gate.
 39657 | Elf:2    | Found a runed translucent gate.
 39687 | Elf:2    | Reached skill level 15 in Armour
 39711 | Elf:2    | XOM: summons friendly quasit
 39827 | Elf:2    | XOM: enchant monster (bad)
 40112 | Elf:2    | XOM: confuse monster(s)
 40115 | Elf:2    | XOM: summons friendly white imp
 40119 | Elf:2    | XOM: cleaving
 40122 | Elf:2    | XOM: god gift: hand axe {god gift}
 40129 | Elf:2    | XOM: 2-stop teleportation journey
 40180 | Elf:2    | XOM: 1-stop teleportation journey
 40311 | Elf:2    | XOM: fog
 40421 | Elf:3    | Entered Level 3 of the Elven Halls
 40612 | Elf:3    | XOM: god gift: 49 gold pieces
 40923 | Elf:3    | Reached skill level 21 in Fighting
 40953 | Elf:3    | XOM: scenery: create altars
 40957 | Elf:3    | XOM: potion effect (berserk rage)
 40965 | Elf:3    | XOM: scenery: 3 doors close
 40968 | Elf:3    | XOM: summons friendly shadow imp
 40976 | Elf:3    | XOM: summons friendly iron imp
 40989 | Elf:3    | Cast into level 3 of the Abyss (a deep elf sorcerer)
 41045 | Elf:3    | Escaped the Abyss
 41067 | Elf:3    | XOM: summons 2 friendly demons
 41070 | Elf:3    | XOM: 2-stop teleportation journey
 41171 | Elf:3    | XOM: give mutation
 41171 | Elf:3    | Gained mutation: Your flesh is almost immune to the effects
                  | of heat. (rF+++) [Xom's grace]
 41299 | Elf:3    | XOM: 4-stop teleportation journey
 41317 | Elf:3    | XOM: enchant monster (good)
 41417 | Elf:3    | Identified the +7 quarterstaff of Hatred {holy, MR+ Dex+2}
 41420 | Elf:3    | XOM: cleaving
 41420 | Elf:3    | Identified the +6 halberd of the Old World {freeze, rN+}
 41420 | Elf:3    | Identified the cursed +1 scale mail "Gahif" {+Blink}
 41421 | Elf:3    | Reached XP level 22. HP: 180/194 MP: 29/29
 41426 | Elf:3    | XOM: divine lightning
 41483 | Elf:3    | Identified the +3 steam dragon scales "Goirenej" {*Contam
                  | rC+ Str+8}
 41483 | Elf:3    | Identified the +3 glaive of the Thirteen Yaks {pain, rF+}
 41485 | Elf:3    | XOM: potion effect (magic)
 41499 | Elf:3    | XOM: potion effect (curing)
 41533 | Elf:3    | XOM: harmless Hex miscast
 41573 | Elf:3    | Cast into level 3 of the Abyss (+1 long sword of
                  | distortion)
 41573 | Abyss:3  | XOM: noise
 41668 | Abyss:3  | XOM: potion effect (agility)
 41675 | Abyss:3  | XOM: potion effect (agility)
 41687 | Abyss:3  | XOM: potion effect (brilliance)
 41701 | Abyss:3  | XOM: potion effect (haste)
 41732 | Elf:3    | Escaped the Abyss
 41783 | Elf:3    | XOM: potion effect (invisibility)
 41842 | Elf:3    | XOM: harmless Fire miscast
 41999 | Elf:3    | Identified the Collected Works on Virous Conjuration
 42122 | Elf:3    | XOM: silly message
 42152 | Elf:3    | XOM: harmless Necr miscast
 42682 | Depths:2 | XOM: harmless Summ miscast
 42750 | Depths:2 | XOM: harmless Summ miscast
 42792 | Depths:2 | XOM: divination: detect creatures
 42844 | Depths:2 | Found a gateway to a ziggurat.
 42850 | Depths:2 | XOM: harmless Conj miscast
 43201 | Depths:2 | XOM: god gift: 410 gold pieces
 43268 | Depths:2 | Found a hazy altar of Hepliaklqana.
 43358 | Depths:2 | Found a one-way gate leading to the halls of Pandemonium.
 43487 | Depths:3 | Noticed Nikola
 43495 | Depths:3 | Killed Nikola
 43509 | Depths:3 | XOM: swap monsters
 43660 | Depths:3 | Found Vimiet's Antique Weapon Shop.
 43669 | Depths:3 | Found Seasem's Magic Scroll Emporium.
 43674 | Depths:3 | Bought a scroll of identify for 30 gold pieces
 43674 | Depths:3 | Bought a scroll of identify for 30 gold pieces
 43674 | Depths:3 | Bought a scroll of teleportation for 45 gold pieces
 43674 | Depths:3 | Bought a scroll of identify for 30 gold pieces
 43674 | Depths:3 | Bought a scroll of silence for 112 gold pieces
 43681 | Depths:3 | Found Ropt's Distillery.
 43690 | Depths:3 | Bought a potion of mutation for 152 gold pieces
 43690 | Depths:3 | Bought a potion of heal wounds for 95 gold pieces
 43690 | Depths:3 | Bought a potion of heal wounds for 95 gold pieces
 43690 | Depths:3 | Bought a potion of heal wounds for 95 gold pieces
 43690 | Depths:3 | Bought a potion of curing for 57 gold pieces
 43690 | Depths:3 | Bought a potion of heal wounds for 95 gold pieces
 43690 | Depths:3 | Bought a potion of mutation for 152 gold pieces
 43690 | Depths:3 | Bought a potion of curing for 57 gold pieces
 43690 | Depths:3 | Bought a potion of haste for 190 gold pieces
 43749 | Depths:3 | Found Gosisat's Magic Scroll Boutique.
 43757 | Depths:3 | Bought a scroll of teleportation for 54 gold pieces
 43757 | Depths:3 | Bought a scroll of identify for 36 gold pieces
 43757 | Depths:3 | Bought a scroll of teleportation for 54 gold pieces
 43757 | Depths:3 | Bought a scroll of remove curse for 54 gold pieces
 43757 | Depths:3 | Bought a scroll of identify for 36 gold pieces
 43757 | Depths:3 | Bought a scroll of enchant weapon for 135 gold pieces
 43757 | Depths:3 | Bought a scroll of remove curse for 54 gold pieces
 43757 | Depths:3 | Bought a scroll of remove curse for 54 gold pieces
 43820 | Depths:3 | XOM: medium Summ miscast
 43854 | Depths:3 | XOM: give mutations
 43854 | Depths:3 | Lost mutation: Your spells are a little harder to cast, but
                  | a little more powerful. [Xom's mischief]
 43854 | Depths:3 | Lost mutation: You are resistant to hostile enchantments.
                  | (MR+) [Xom's mischief]
 43989 | Depths:3 | XOM: noise
 43992 | Depths:3 | Reached skill level 22 in Fighting
 43993 | Depths:3 | XOM: chaos cloud
 43996 | Depths:3 | XOM: 3-stop teleportation journey
 44000 | Depths:3 | XOM: silly message
 44070 | Depths:3 | Identified the +8 scale mail of Piuno {Str+2 Int+6}
 44082 | Depths:3 | XOM: blink monster(s)
 44099 | Depths:3 | XOM: enchant monster (bad)
 44104 | Depths:3 | XOM: cleaving
 44119 | Depths:3 | XOM: summons 11 friendly demons
 44126 | Depths:3 | XOM: summons 5 friendly demons
 44132 | Depths:3 | Gained mutation: A powerful demonic guardian rushes to your
                  | aid. [demonic ancestry]
 44132 | Depths:3 | Reached XP level 23. HP: 128/203 MP: 25/30
 44148 | Depths:3 | XOM: summons 2 friendly demons
 44151 | Depths:3 | XOM: polymorph shadow imp -> iron imp
 44437 | Depths:3 | XOM: god gift: wand of clouds (7)
 44652 | Depths:3 | Found Jojostas's Distillery.
 44660 | Depths:3 | Bought a potion of might for 64 gold pieces
 44789 | Depths:4 | XOM: summons 6 friendly demons
 44791 | Depths:4 | XOM: cast spell 'Summon Butterflies'
 44794 | Depths:4 | XOM: scenery: create altars
 44872 | Depths:4 | Found a sparkling altar of Nemelex Xobeh.
 44949 | Depths:4 | XOM: god gift: scroll of immolation
 45045 | Depths:4 | XOM: scenery: create altars
 45049 | Depths:4 | XOM: 2-stop teleportation journey
 45074 | Depths:4 | XOM: polymorph crimson imp -> quasit
 45358 | Depths:4 | XOM: swap monsters
 45369 | Depths:4 | Paralysed by a floating eye for 4 turns
 45689 | Vaults:3 | XOM: stat loss: -1 Str (37/38)
 45735 | Vaults:4 | XOM: enchant monster (bad)
 45740 | Vaults:4 | XOM: chaos cloud
 45753 | Vaults:4 | XOM: enchant monster (bad)
 45893 | Vaults:4 | XOM: draining
 45916 | Vaults:4 | XOM: give mutations
 45916 | Vaults:4 | Lost mutation: You are almost entirely resistant to further
                  | mutation and mutation removal. [Xom's mischief]
 45916 | Vaults:4 | Lost mutation: You are very agile. (Dex +4) [Xom's
                  | mischief]
 45916 | Vaults:4 | Lost mutation: You are agile. (Dex +2) [Xom's mischief]
 45916 | Vaults:4 | Lost mutation: Your muscles are very strong. (Str +4)
                  | [Xom's mischief]
 46042 | Vaults:4 | XOM: harmless Ice miscast
 46085 | Vaults:4 | Found Gyufuam's Armour Boutique.
 46145 | Vaults:4 | XOM: 5-stop teleportation journey
 46251 | Vaults:4 | XOM: give mutations
 46251 | Vaults:4 | Lost mutation: You have claws for hands. [Xom's mischief]
 46251 | Vaults:4 | Lost mutation: You passively map a small area around you.
                  | [Xom's mischief]
 46261 | Vaults:4 | XOM: chaos upgrade
 46345 | Vaults:4 | Reached skill level 23 in Fighting
 46836 | Vaults:4 | XOM: give mutations
 46836 | Vaults:4 | Gained mutation: You expend magic power (3 MP) to
                  | strengthen your wands. [Xom's grace]
 46836 | Vaults:4 | Gained mutation: You are resistant to hostile enchantments.
                  | (MR+) [Xom's grace]
 46836 | Vaults:4 | Gained mutation: You are agile. (Dex +2) [Xom's grace]
 46969 | Vaults:4 | XOM: cleaving
 47084 | Vaults:5 | Entered Level 5 of the Vaults
 47099 | Vaults:5 | Noticed an ancient lich
 47110 | Vaults:5 | XOM: noise
 47115 | Vaults:5 | XOM: enchant monster (good)
 47120 | Vaults:5 | XOM: divination: detect creatures
 47122 | Vaults:5 | Killed an ancient lich
 47142 | Vaults:5 | XOM: noise
 47153 | Vaults:5 | XOM: potion effect (might)
 47175 | Vaults:5 | Reached XP level 24. HP: 201/216 MP: 30/30
 47204 | Vaults:5 | Reached skill level 24 in Fighting
 47213 | Vaults:5 | XOM: cast spell 'Call Canine Familiar'
 47373 | Vaults:5 | XOM: confuse monster(s)
 47391 | Vaults:5 | XOM: enchant monster (good)
 47399 | Vaults:5 | XOM: enchant monster (good)
 47450 | Vaults:5 | XOM: cast spell 'Call Canine Familiar'
 47502 | Vaults:5 | XOM: divination: magic mapping
 47682 | Vaults:5 | Noticed an ancient lich
 47690 | Vaults:5 | Killed an ancient lich
 47719 | Vaults:5 | XOM: noise
 47727 | Vaults:5 | XOM: harmless Tloc miscast
 47770 | Vaults:5 | XOM: cast spell 'Necromutation'
 47822 | Vaults:5 | XOM: god gift: 51 gold pieces
 47951 | Vaults:5 | XOM: summons 16 friendly demons
 48100 | Vaults:5 | Reached skill level 15 in Dodging
 48158 | Vaults:5 | XOM: god gift: wand of paralysis (8)
 48194 | Vaults:5 | Got a silver rune of Zot
 48232 | Vaults:5 | XOM: summons friendly crimson imp
 48248 | Vaults:5 | XOM: smoke on damage
 48249 | Vaults:5 | XOM: harmless Chrm miscast
 48296 | Vaults:5 | Identified Sif Muna's Papyrus of Mutagenic Unholy Arts
 48523 | Vaults:5 | Found Wesmooc's Antique Weapon Shoppe.
 48698 | D:14     | XOM: scenery: 2 doors close
 48714 | D:14     | Bought a manual of Armour for 1876 gold pieces
 48809 | Depths:2 | XOM: noise
 48969 | Depths:5 | Entered Level 5 of the Depths
 48995 | Depths:5 | XOM: summons friendly iron imp
 49111 | Depths:5 | XOM: confuse monster(s)
 49212 | Depths:5 | Gained mutation: When low on magic, you restore magic in
                  | place of health. [demonic ancestry]
 49212 | Depths:5 | Reached XP level 25. HP: 198/225 MP: 30/30
 49350 | Depths:4 | XOM: summons 2 friendly demons
 49662 | Depths:5 | XOM: summons friendly iron imp
 49673 | Depths:5 | Found a gate to the Realm of Zot.
 49688 | Depths:5 | XOM: polymorph iron imp -> crimson imp
 49783 | Zot:1    | Entered Level 1 of the Realm of Zot
 49790 | Zot:1    | XOM: polymorph tentacled monstrosity -> doom hound
 49793 | Zot:1    | XOM: noise
 49797 | Zot:1    | XOM: summons 3 friendly demons
 49848 | Zot:1    | XOM: destruction
 49990 | Depths:5 | XOM: summons 2 hostile shadow creatures
 50122 | Depths:5 | XOM: harmless Conj miscast
 50124 | Depths:5 | XOM: enchant monster (bad)
 50477 | Depths:5 | XOM: repel stairs
 50505 | Depths:5 | XOM: noise
 50540 | Zot:1    | XOM: swap monsters
 50551 | Zot:1    | XOM: polymorph purple draconian annihilator -> shapeshifter
 50552 | Zot:1    | XOM: divine lightning
 50557 | Zot:1    | XOM: chaos upgrade
 50558 | Zot:1    | XOM: chaos upgrade
 50562 | Zot:1    | Reached skill level 25 in Fighting
 50588 | Depths:5 | XOM: summons 4 hostile demons
 50709 | Depths:5 | XOM: severe Conj miscast
 50773 | Depths:5 | XOM: harmless Fire miscast
 50890 | Zot:1    | XOM: 1-stop teleportation journey
 50969 | Zot:1    | XOM: 1-stop teleportation journey
 50976 | Zot:1    | XOM: 3-stop teleportation journey
 51003 | Zot:1    | XOM: chaos upgrade
 51004 | Zot:1    | XOM: swap monsters
 51009 | Zot:1    | XOM: scenery: create altars
 51295 | Zot:1    | XOM: confuse monster(s)
 51799 | Zot:2    | XOM: enchant monster (good)
 51804 | Zot:2    | XOM: 4-stop teleportation journey
 51874 | Zot:2    | XOM: 8-stop teleportation journey
 51908 | Zot:2    | XOM: divination: detect creatures
 51945 | Zot:2    | XOM: harmless Pois miscast
 51948 | Zot:2    | XOM: swap monsters
 51980 | Zot:2    | XOM: harmless Ice miscast
 52003 | Zot:2    | XOM: fog
 52025 | Zot:2    | XOM: potion effect (might)
 52118 | Zot:2    | XOM: silly message
 52264 | Zot:2    | XOM: god gift: 4 atropa-tipped darts
 52479 | Zot:2    | Found the +10 large shield of Ignorance {rN+ Int-4}
 52537 | Zot:2    | XOM: harmless Chrm miscast
 52538 | Zot:2    | XOM: summons 9 friendly demons
 52690 | Zot:2    | Noticed an orb of fire
 52694 | Zot:2    | XOM: chaos upgrade
 52702 | Zot:2    | XOM: swap monsters
 52713 | Zot:2    | XOM: polymorph yellow draconian knight -> glowing
                  | shapeshifter
 52725 | Zot:2    | XOM: summons friendly shadow imp
 52987 | Zot:2    | XOM: severe Ice miscast
 52995 | Zot:2    | Reached XP level 26. HP: 211/236 MP: 7/30
 53001 | Zot:2    | XOM: chaos upgrade
 53017 | Zot:2    | Killed an orb of fire
 53103 | Zot:2    | XOM: summons friendly shadow imp
 53155 | Zot:2    | XOM: mild Chrm miscast
 53204 | Zot:3    | Noticed an orb of fire
 53210 | Zot:3    | XOM: cast spell 'Cause Fear'
 53220 | Zot:3    | Killed an orb of fire
 53267 | Zot:3    | XOM: smoke on damage
 53279 | Zot:3    | XOM: divination: detect items
 53524 | Zot:3    | XOM: potion effect (agility)
 53554 | Zot:3    | XOM: potion effect (curing)
 53559 | Zot:3    | XOM: harmless Pois miscast
 53583 | Zot:3    | XOM: divination: magic mapping
 53593 | Zot:3    | Reached skill level 26 in Fighting
 53684 | Zot:3    | XOM: potion effect (invisibility)
 54107 | Zot:3    | XOM: mild Tloc miscast
 54477 | Zot:4    | XOM: harmless Conj miscast
 54563 | Zot:4    | XOM: confuse monster(s)
 54573 | Zot:4    | XOM: cast spell 'Alistair's Intoxication'
 54587 | Zot:4    | XOM: enchant monster (good)
 54729 | Zot:4    | XOM: divination: magic mapping
 54782 | Zot:4    | XOM: summons friendly quasit
 54875 | Zot:4    | XOM: enchant monster (bad)
 55202 | Zot:5    | Entered Level 5 of the Realm of Zot
 55202 | Zot:5    | XOM: silly message
 55217 | Zot:5    | XOM: cast spell 'Statue Form'
 55338 | Zot:5    | XOM: harmless Erth miscast
 55568 | Zot:5    | XOM: summons friendly ufetubus
 55686 | Zot:5    | XOM: scenery: create altars
 55697 | Zot:5    | Noticed an orb of fire
 55699 | Zot:5    | XOM: confuse monster(s)
 55700 | Zot:5    | XOM: cast spell 'Summon Ice Beast'
 55701 | Zot:5    | XOM: summons 2 friendly demons
 55702 | Zot:5    | Noticed an orb of fire
 55703 | Zot:5    | XOM: summons friendly white imp
 55713 | Zot:5    | Killed an orb of fire
 55713 | Zot:5    | Reached XP level 27. HP: 144/245 MP: 29/30
 55714 | Zot:5    | XOM: divination: detect items
 55720 | Zot:5    | Killed an orb of fire
 55721 | Zot:5    | Noticed an ancient lich
 55728 | Zot:5    | XOM: enchant monster (good)
 55728 | Zot:5    | Noticed an ancient lich
 55732 | Zot:5    | Killed an ancient lich
 55733 | Zot:5    | Noticed an orb of fire
 55740 | Zot:5    | Killed an ancient lich
 55742 | Zot:5    | XOM: chaos upgrade
 55756 | Zot:5    | XOM: harmless Summ miscast
 56065 | Zot:5    | Noticed an ancient lich
 56066 | Zot:5    | XOM: polymorph cacodemon -> blizzard demon
 56069 | Zot:5    | XOM: 3-stop teleportation journey
 56133 | Zot:5    | XOM: god gift: glowing hunting sling {god gift}
 56175 | Zot:5    | Killed an orb of fire
 56178 | Zot:5    | XOM: cleaving
 56181 | Zot:5    | Killed an orb of fire
 56425 | Zot:5    | XOM: potion effect (invisibility)
 56549 | Zot:5    | XOM: cast spell 'Leda's Liquefaction'
 56563 | Zot:5    | XOM: enchant monster (good)
 56573 | Zot:5    | XOM: 2-stop teleportation journey
 56827 | Zot:5    | XOM: god gift: 22 bolts
 56857 | Zot:5    | Killed an ancient lich
 57174 | Zot:5    | Got the Orb of Zot
 57355 | Depths:4 | XOM: harmless Tloc miscast
 57356 | Depths:4 | XOM: polymorph Orb Guardian -> iron troll
 57469 | D:15     | XOM: give mutation
 57469 | D:15     | Lost mutation: You have a pair of horns on your head.
                  | [Xom's mischief]
 57499 | D:14     | XOM: medium Tmut miscast
 57578 | D:12     | Noticed Pelodoq the pandemonium lord
 57785 | D:1      | Noticed Kekyh the pandemonium lord
 57804 | D:1      | XOM: summons 4 hostile demons
 57806 | D:1      | XOM: draining
 57813 | D:1      | XOM: give mutation
 57813 | D:1      | Lost mutation: You possess an exceptional clarity of mind.
                  | [Xom's mischief]
 57817 | D:1      | XOM: harmless Summ miscast
 57832 | D:$      | Escaped with the Orb!

Levels and vault maps discovered:
D:1:      dpeg_arrival_stone_temple_mockup, layout_basic
D:2:      layout_loops_ring, gammafunk_temple_overflow_claw, ashenzari_altar_1,
          minmay_lizard_pond
D:3:      layout_basic, gup_sewer_entry_bowl, serial_rivers,
          chequers_serial_rivers_room_b, chequers_serial_rivers_micro_c,
          chequers_serial_rivers_small_3, chequers_serial_rivers_micro_e,
          chequers_serial_rivers_small_b, chequers_serial_rivers_micro_b,
          first_ration
D:4:      minmay_diamond_boxcup, layout_basic, uniq_robin
D:5:      layout_basic, nicolae_overflow_crystal_walls, lemuel_doored_altar,
          overflow_temple_1_default, lemuel_zombie_altar_kikubaaqudgha,
          temple_fountains, uniq_eustachio
D:6:      layout_loops_corners, overflow_temple_1_default, uniq_sigmund
D:7:      layout_rooms, grunt_qazlal_sundering, minivault_19
D:8:      layout_basic, minitemple, the_bakery
D:9:      layout_rooms, yredelemnul_altar_generic, serial_shops,
          kennysheep_little_box, kennysheep_opposing_triangles
D:10:     layout_stronghold, david_orc_3
D:11:     layout_loops_cross, grunt_lair_entry_orc_guard_hut, serial_shops,
          nicolae_shop_behind_doors, minmay_misc_feat_secret_circle,
          hangedman_incinerator
D:12:     layout_big_octagon, serial_shops, shop
D:13:     layout_basic, drop_trap, minmay_variable_closet, elyvilon_altar_1
D:14:     layout_irregular_city, grunt_vaults_entry_tiered, serial_shops, shop,
          enter_bailey_7, minmay_crystal_water, minivault_1, nrook_campfire,
          nicolae_alphabet_shops, kennysheep_generic_room_12, uniq_azrael,
          uniq_josephine, uniq_nessos, uniq_jorgrun
D:15:     hangedman_depths_entry_civil_slaughter, layout_cave_pools,
          basic_altar, hangedman_corner_corridor, uniq_louise, uniq_rupert
Lair:1:   layout_loops_ring, serial_bayou_ford_a
Lair:2:   beast_lair_carwin_large_1, layout_cave_pods, palyth_hydra_swamp_entry,
          dummy_snake_entry, gauntlet_entry_generic, gammafunk_ghost_icy
Lair:3:   layout_regular_city
Lair:4:   layout_regular_city, ebering_ghost_rock_garden, hibernation_bobbens,
          infiniplex_staircase_pool_2, lemuel_fruit_fields
Lair:5:   layout_misc_corridors, portal_ice_cave_entry_imps
Lair:6:   minmay_lair_end_frog_pond, layout_loops_ring,
          minmay_slime_entry_pillars, serial_bayou_shore_b
Swamp:1:  layout_basic_swamp, hangedman_swamp_cone
Swamp:2:  layout_basic_swamp, nicolae_swamp_fairy_circle
Swamp:3:  layout_falls_marsh, basic_altar
Swamp:4:  swamp_old_school, layout_basic_swamp
Snake:1:  nicolae_snakescales, layout_grid_maze, serial_shops, shop,
          st_stairs_3, nicolae_snake_shapes, minmay_shop_grove
Snake:2:  layout_chambers, lemuel_oklob_altar
Snake:3:  layout_honeycomb
Snake:4:  johnstein_snake_rune_scales, layout_layer_cave, special_room
Orc:1:    layout_caves, nicolae_orc_lost_temple
Orc:2:    st_orc_elflike, layout_diamond_mine
Elf:1:    eino_elf_arrival_altar, layout_rooms, basic_altar,
          minmay_elf_demonology
Elf:2:    layout_rooms
Elf:3:    nooodl_elf_gasket, layout_geoelf_diagonals
Vaults:1: v_misc_18, nicolae_vaults_network_quincunx
          [nicolae_vaults_network_quincunx_subvault,
          nicolae_vaults_network_quincunx_subvault,
          nicolae_vaults_network_quincunx_subvault,
          nicolae_vaults_network_quincunx_subvault,
          nicolae_vaults_network_quincunx_subvault], vaults_standard_mumra_x,
          hangedman_vaults_maws, ontoclasm_vaults_claustrophobia,
          vaults_mumra_hexcomb, v_pattern_3, grunt_vaults_diagonal,
          nicolae_vaults_little_squares_2, vaults_mumra_lcd, v_alt_pattern_4,
          ontoclasm_vaults_gallery, nicolae_vaults_back_hallway,
          layout_vaults_maze, uniq_aizul
Vaults:2: ebering_vaults_ghost_gozag, ontoclasm_vaults_ring_small, v_misc_22,
          minmay_crypt_entry_nasty_monster, nicolae_vaults_inception_statues,
          grunt_vaults_twisty, v_misc_18,
          nicolae_vaults_windows_and_doors_thing, v_misc_29,
          layout_vaults_omnigrid, basic_altar
Vaults:3: vaults_room_fancy_cross, dpeg_vaults_monster_row,
          minmay_guarded_unrand_guard_vaults, ontoclasm_vaults_loading_screen,
          v_misc_29, hangedman_vaults_stream, v_misc_5,
          vaults_mumra_chevron_long, v_misc_8, nicolae_vaults_ring_of_whatevers,
          nicolae_vaults_asterisk, v_misc_14, nicolae_vaults_sealed_display,
          hangedman_vaults_trim, vaults_dpeg_encased_lava, layout_vaults_ring,
          serial_shops, shop
Vaults:4: v_rooms_2, v_misc_8, v_alt_pattern_3,
          nicolae_vaults_stairing_the_circle, vaults_mumra_chevron, v_misc_12,
          hangedman_vaults_slice, hangedman_vaults_locks, v_misc_9,
          grunt_vaults_hallway_long, layout_vaults_omnibox, serial_shops,
          nicolae_shop_waterfront
Vaults:5
Depths:1: layout_cave_pools, abyss_entry, hell_entry,
          minmay_guarded_unrand_robustness
Depths:2: cheibrodos_salmonella, layout_basic, enter_ziggurat_e, pan_entry,
          abyss_entry_crystal, lemuel_statue_altar, hell_entry,
          grunt_ministairs_3
Depths:3: four-leaf_vault, layout_basic, hangedman_decor_riveting,
          nicolae_abyss_entry_one_way_or_another, serial_shops, shop,
          shop_fountains, shop, shop, shop_scrolls, hangedman_coc_ice_floe,
          rand_demon_pan_entry_8, infiniplex_staircase_pillars_1, uniq_nikola
Depths:4: minmay_skeletal_surprise, layout_long_grid,
          nemelex_xobeh_ov_fountains_minmay, hellmouth_3,
          hangedman_abyss_entry_splay, minivault_15, serial_bayou_shore_b,
          minmay_staircase_bubble, serial_bayou_shore_a
Depths:5: evilmike_zot_entry_basic, layout_cave_pools, abyss_entry, hell_entry,
          serial_sigils_hangedman_writhe
Zot:1:    layout_misc_corridors
Zot:2:    grunt_deathspiral_small, layout_onion, st_single_dragon_hoard_1
Zot:3:    layout_misc_corridors
Zot:4:    layout_concentric_octagons, hangedman_zot_decor_slant
Zot:5:    layout_basic

Skill      XL: |  1  2  3  4  5  6  7  8  9 10 11 12 13 14 15 16 17 18 19 20 21 22 23 24 25 26 27 |
---------------+----------------------------------------------------------------------------------+-----
Maces & Flails | 3 5 6 7 9 11 13 14 15 18 20 | 20.0
Fighting       | 7 9 12 14 16 19 20 21 22 23 24 25 26 | 26.0
Dodging        | 4 5 6 7 8 10 12 14 15 16 18 | 18.0
Evocations     | 6 7 10 | 10.0
Shields        | 3 4 |  4.0
Armour         | 7 10 11 12 14 15 16 18 19 21 23 25 | 25.0

Action                   |  1- 3 |  4- 6 |  7- 9 | 10-12 | 13-15 | 16-18 | 19-21 | 22-24 | 25-27 || total
-------------------------+-------+-------+-------+-------+-------+-------+-------+-------+-------++-------
Melee: Mace              |    90 |   189 |   462 |   977 |   520 |       |       |       |       ||  2238
       Kick              |    15 |    45 |   131 |   330 |   792 |   435 |   756 |   851 |   732 ||  4087
       Quarterstaff      |       |       |       |       |  1136 |    90 |       |       |       ||  1226
       Headbutt          |       |       |       |       |   359 |   109 |   127 |   496 |   444 ||  1535
       Bite              |       |       |       |       |   204 |   108 |       |       |       ||   312
       Great mace        |       |       |       |       |       |   850 |   894 |       |       ||  1744
       Dire flail        |       |       |       |       |       |       |   603 |  1492 |  1231 ||  3326
Throw: Boomerang         |     4 |       |     1 |    10 |       |       |       |       |       ||    15
       Dart              |       |       |       |     7 |     6 |     1 |     1 |       |     7 ||    22
 Abil: Blink             |       |       |       |       |     1 |       |       |       |       ||     1
       Hurl Damnation    |       |       |       |       |       |       |    10 |     6 |       ||    16
Evoke: Wand              |       |       |     1 |     6 |    13 |     3 |     1 |     3 |     1 ||    28
       Box of beasts     |       |       |       |     2 |     1 |       |       |     1 |     2 ||     6
       Lamp of fire      |       |       |       |       |     4 |     1 |     1 |     1 |     1 ||     8
       Phantom mirror    |       |       |       |       |       |     1 |       |       |       ||     1
  Use: Scroll            |       |       |     8 |    19 |    19 |     9 |     4 |     7 |    10 ||    76
       Potion            |       |       |     4 |     4 |    16 |     2 |       |     9 |    30 ||    65
 Stab: Paralysed         |     4 |     1 |     5 |    14 |    13 |       |     3 |     7 |    14 ||    61
       Distracted        |       |       |     2 |     5 |     6 |     6 |     6 |     7 |    10 ||    42
       Sleeping          |       |       |     2 |       |       |       |       |     1 |       ||     3
       Confused          |       |       |     3 |     4 |    13 |     3 |     7 |     7 |     7 ||    44
       Petrifying        |       |       |     1 |     6 |     1 |       |       |     7 |     6 ||    21
       Petrified         |       |       |       |    11 |     5 |       |     1 |       |     6 ||    23
       Invisible         |       |       |       |       |       |       |    13 |     6 |     4 ||    23
  Eat: Chunk             |     1 |     6 |    12 |    23 |    33 |    15 |    30 |    28 |    12 ||   160
       Ration            |       |       |       |     2 |     2 |     3 |       |       |     5 ||    12
Armor: Leather armour    |    39 |    75 |   160 |       |       |       |       |       |       ||   274
       Skin              |       |       |     1 |     7 |       |       |       |       |     1 ||     9
       Plate armour      |       |       |   149 |   635 |   125 |       |       |       |       ||   909
       Ice dragon scales |       |       |       |       |  1010 |   851 |   777 |   587 |   648 ||  3873
Dodge: Dodged            |    50 |    65 |    84 |    85 |  1126 |  1175 |  1121 |  1098 |  1170 ||  5974
Block: Shield            |     3 |    59 |   129 |   253 |   197 |       |       |       |       ||   641

Table legend:
 A = Non-vault XP
 B = Vault XP
 C = Vault XP percentage of total XP
 D = Non-vault monster count
 E = Vault monster count
 F = Vault count percentage of total count
                 A         B        C        D         E       F
            +---------+---------+-------+---------+---------+-------
      Total |  861098 |  703696 |  45.0 |    1616 |     901 |  35.8
            +---------+---------+-------+---------+---------+-------
        D:1 |      32 |       0 |   0.0 |      18 |       0 |   0.0
        D:2 |     145 |      12 |   7.6 |      16 |      12 |  42.9
        D:3 |     121 |      10 |   7.6 |      27 |       3 |  10.0
        D:4 |     661 |     160 |  19.5 |      23 |      11 |  32.4
        D:5 |     667 |     207 |  23.7 |      25 |       4 |  13.8
        D:6 |     694 |     220 |  24.1 |      16 |       1 |   5.9
        D:7 |    1098 |       0 |   0.0 |      34 |       0 |   0.0
        D:8 |     729 |     179 |  19.7 |      16 |       1 |   5.9
        D:9 |    2271 |     231 |   9.2 |      33 |       4 |  10.8
       D:10 |    1967 |     387 |  16.4 |      17 |       5 |  22.7
       D:11 |    4185 |    1423 |  25.4 |      40 |      13 |  24.5
       D:12 |    5748 |       0 |   0.0 |      46 |       0 |   0.0
       D:13 |    4481 |       0 |   0.0 |      26 |       0 |   0.0
       D:14 |    5523 |   13060 |  70.3 |      21 |      44 |  67.7
       D:15 |   18686 |   15023 |  44.6 |      59 |      20 |  25.3
     Lair:1 |    2763 |       0 |   0.0 |      20 |       0 |   0.0
     Lair:2 |    2423 |    4948 |  67.1 |       8 |      28 |  77.8
     Lair:3 |    6611 |       0 |   0.0 |      24 |       0 |   0.0
     Lair:4 |    4191 |    1554 |  27.0 |      17 |       2 |  10.5
     Lair:5 |    1244 |      91 |   6.8 |       6 |      12 |  66.7
     Lair:6 |    3792 |   12471 |  76.7 |      19 |      52 |  73.2
    Swamp:1 |   10535 |       0 |   0.0 |      25 |       0 |   0.0
    Swamp:2 |   13982 |       0 |   0.0 |      31 |       0 |   0.0
    Swamp:3 |   12600 |       0 |   0.0 |      42 |       0 |   0.0
    Swamp:4 |   11749 |   16251 |  58.0 |      34 |      25 |  42.4
    Snake:1 |    8374 |    8473 |  50.3 |      19 |      18 |  48.6
    Snake:2 |   23946 |     505 |   2.1 |      46 |       1 |   2.1
    Snake:3 |   15915 |     560 |   3.4 |      39 |       1 |   2.5
    Snake:4 |   13523 |   28400 |  67.7 |      27 |      60 |  69.0
      Orc:1 |    3865 |       0 |   0.0 |      50 |       0 |   0.0
      Orc:2 |    1291 |    6578 |  83.6 |      16 |      25 |  61.0
      Elf:1 |   16935 |    8330 |  33.0 |      31 |      16 |  34.0
      Elf:2 |   15648 |   21988 |  58.4 |      29 |      27 |  48.2
      Elf:3 |   18054 |   57004 |  75.9 |      33 |      42 |  56.0
   Vaults:1 |   37591 |   24179 |  39.1 |      67 |      43 |  39.1
   Vaults:2 |   29541 |   19675 |  40.0 |      58 |      27 |  31.8
   Vaults:3 |   16392 |   54936 |  77.0 |      29 |      59 |  67.0
   Vaults:4 |   46914 |   16656 |  26.2 |      77 |      28 |  26.7
   Vaults:5 |   32138 |  125700 |  79.6 |      54 |      90 |  62.5
   Depths:1 |   20831 |   11372 |  35.3 |      29 |       7 |  19.4
   Depths:2 |   54609 |   22725 |  29.4 |      67 |      18 |  21.2
   Depths:3 |   34131 |   18482 |  35.1 |      36 |      19 |  34.5
   Depths:4 |   37067 |   10677 |  22.4 |      40 |      27 |  40.3
   Depths:5 |   39427 |   12117 |  23.5 |      40 |       9 |  18.4
      Zot:1 |   50660 |       0 |   0.0 |      36 |       0 |   0.0
      Zot:2 |   65344 |   58190 |  47.1 |      50 |      32 |  39.0
      Zot:3 |   81210 |       0 |   0.0 |      42 |       0 |   0.0
      Zot:4 |   40615 |     892 |   2.1 |      25 |       1 |   3.8
      Zot:5 |   33597 |  120264 |  78.2 |      25 |      35 |  58.3
    Abyss:3 |    6582 |       0 |   0.0 |       8 |       0 |   0.0
      Sewer |       0 |      90 | 100.0 |       0 |      12 | 100.0
     Bailey |       0 |    2814 | 100.0 |       0 |      40 | 100.0
      IceCv |       0 |    2796 | 100.0 |       0 |      11 | 100.0
   Gauntlet |       0 |    4066 | 100.0 |       0 |      16 | 100.0
            +---------+---------+-------+---------+---------+-------
